 Dungeon Crawl Stone Soup version 0.29.0-4-gdea44cf6ec (webtiles) character file.

Game seed: 9432600106250732674

41320 qw the Brawler (level 13, 131/131 HPs)
             Began as a Troll Cinder Acolyte on Sept 1, 2022.
             Was an Elder of Okawaru.
             Quit the game on level 11 of the Dungeon.
             The game lasted 00:17:28 (16909 turns).

qw the Brawler (Troll Cinder Acolyte)              Turns: 16909, Time: 00:17:29

Health: 131/131    AC: 19    Str: 29    XL:     13   Next: 79%
Magic:  15/15      EV: 24    Int: 10    God:    Okawaru [****..]
Gold:   1133       SH:  0    Dex:  5    Spells: 14/14 levels left

rFire   . . .      SeeInvis .     - Unarmed
rCold   . . .      Faith    .   (no shield)
rNeg    . . .      Spirit   .   n - +5 acid dragon scales
rPois   +          Reflect  .   (helmet restricted)
rElec   .          Harm     .   a - +0 cloak
rCorr   +          Rampage  .   (gloves unavailable)
Will    .....                   (boots unavailable)
Stlth   ..........              m - amulet of the acrobat
HPRegen 1.11/turn               r - ring of poison resistance
MPRegen 0.14/turn               p - +4 ring of protection

@: acrobatic
A: large, unfitting armour, claws 3, regeneration 1, shaggy fur 1, tough skin 1
a: Renounce Religion, Heroism, Finesse


You were on level 11 of the Dungeon.
You worshipped Okawaru.
Okawaru was greatly pleased with you.
You visited 3 branches of the dungeon, and saw 17 of its levels.

You collected 1456 gold pieces.
You spent 323 gold pieces at shops.


Innate Abilities, Weirdness & Mutations

You are too large for most types of armour.
You have claws for hands.
Your natural rate of healing is unusually fast.
You are covered in fur. (AC +1)
You have tough skin. (AC +1)


   Skills:
 - Level 9.0 Fighting
 - Level 5.9 Throwing
 - Level 4.0 Armour
 - Level 2.0 Dodging
 + Level 19.2 Unarmed Combat
 - Level 1.0 Spellcasting
 - Level 2.1 Fire Magic
 + Level 5.0 Invocations


You had 14 spell levels left.
You didn't know any spells.
Your spell library contained the following spells:

 Spells                   Type           Power      Damage    Failure   Level
 Scorch                   Fire           8%         2d5       26%         2

Inventory:

Armour
 a - a +0 cloak (worn)
 n - +5 acid dragon scales (worn)
Jewellery
 b - an amulet of regeneration
 e - a ring of protection from fire
 m - an amulet of the acrobat (around neck)
 p - a +4 ring of protection (right claw)
 r - a ring of poison resistance (left claw)
 Y - a ring of protection from cold
Wands
 h - a wand of digging (9)
Scrolls
 d - 5 scrolls of identify
 o - a scroll of enchant weapon
Potions
 c - 8 potions of curing
 f - a potion of heal wounds
 g - 2 potions of magic
 i - a potion of haste
 k - a potion of resistance
 l - a potion of might
 q - 2 potions of mutation

Dungeon Overview and Level Annotations

Branches:
Dungeon (11/15)            Temple (1/1) D:7            Lair (5/5) D:8
  Swamp (0/4) Lair:2        Snake (0/4) Lair:3        Slime (0/5) Lair:5
    Orc (0/2) D:10

Altars:
Ashenzari
Cheibriados
Dithmenos
Elyvilon
Fedhas
Gozag
Hepliaklqana
Makhleb
Nemelex Xobeh
Okawaru
Qazlal
Ru
Sif Muna
Trog
Uskayaw
Vehumet
Wu Jian
Xom
Yredelemnul
The Shining One
Jiyva

Shops:
D:5 *


Message History

There are monsters nearby!
There are monsters nearby!
16897 ||| Stepping randomly (stuck).
The acid dragon roars!
You hear a horrible gurgling sound!
An acid dragon is nearby!
An acid dragon is nearby!
16898 ||| Stepping randomly (stuck).
There are monsters nearby!
There are monsters nearby!
16899 ||| Stepping randomly (stuck).
A purple ugly thing is nearby!
A purple ugly thing is nearby!
16900 ||| Stepping randomly (stuck).
A komodo dragon is nearby!
A komodo dragon is nearby!
16901 ||| Stepping randomly (stuck).
There are monsters nearby!
There are monsters nearby!
16902 ||| Stepping randomly (stuck).
A komodo dragon is nearby!
A komodo dragon is nearby!
16903 ||| Stepping randomly (stuck).
There are monsters nearby!
There are monsters nearby!
16904 ||| Stepping randomly (stuck).
A komodo dragon is nearby!
A komodo dragon is nearby!
16905 ||| Stepping randomly (stuck).
There are monsters nearby!
There are monsters nearby!
16906 ||| Stepping randomly (stuck).
A komodo dragon is nearby!
A komodo dragon is nearby!
16907 ||| Stepping randomly (stuck).
There are monsters nearby!
There are monsters nearby!
16908 ||| Stepping randomly (stuck).
There are monsters nearby!
There are monsters nearby!
Are you sure you want to abandon this character and quit the game? (Confirm with "yes".)

#.... #.... #...
#.....#.....#.....#
#..#..#..#..#..#..#
#+###$.#..#.O#..#..#..#
#......#..YhY#.....#..#
.....#..hTu# ....#..#
####################..#
..............).......#
........[....$).@.)...#
####################).#
#.....#.lh.. ..#
#.....#.....#..#
#..#..#..#..#..#
#..#..#..#..#..#
...#.....#.....# ...#
....# ....# ### ###


You could see a komodo dragon, a troll and a howler monkey.

Vanquished Creatures
  6 hydras
  A centaur warrior (D:11)
  5 two-headed ogres
  Urug (Lair:1)
  4 death yaks (Lair:4)
  2 goliath frogs (Lair:5)
  2 black mambas
  18 cane toads
  2 unseen horrors
  Maurice (D:10)
  10 rime drakes (Lair:4)
  10 komodo dragons
  Psyche (D:10)
  3 trolls
  A queen bee (D:9)
  A hornet (D:8)
  16 blink frogs
  2 tyrant leeches (Lair:5)
  A shadow (D:10)
  12 wyverns
  22 yaks
  A wraith (D:10)
  A vampire (D:10)
  20 fire elementals
  5 steam dragons
  5 basilisks
  5 vampire mosquitoes (Lair:5)
  Edmund (D:4)
  An acid dragon (D:8)
  2 hell hounds (Lair:2)
  4 water moccasins
  A sky beast (D:5)
  5 orc warriors
  2 ogres (D:4)
  5 wolves (Lair:1)
  2 phantoms (D:10)
  5 centaurs
  2 kobold brigands
  10 bullfrogs
  6 scorpions
  3 wights (D:8)
  2 troll zombies (D:10)
  24 killer bees (D:9)
  An electric eel (Lair:5)
  12 howler monkeys
  A lava snake (D:10)
  4 jellies
  9 orc priests
  4 hounds
  5 iguanas
  10 orc wizards
  7 hell rats (Lair:4)
  6 ogre zombies (D:10)
  5 adders
  3 gnolls (D:4)
  A shadow imp (D:5)
  2 white imps
  An ufetubus (D:6)
  A dart slug (D:5)
  33 orcs
  4 endoplasms
  3 giant cockroaches
  4 goblins
  6 hobgoblins
  3 jackals (D:2)
  3 quokkas
  4 ball pythons
  3 bats
  2 frilled lizards
  A goblin skeleton (D:10)
  6 goblin zombies (D:10)
  A hobgoblin skeleton (D:10)
  2 hobgoblin zombies (D:10)
  15 kobolds
  2 orc skeletons (D:10)
  13 orc zombies (D:10)
  A rat (D:1)
411 creatures vanquished.

Vanquished Creatures (others)
  24 fungi
  85 plants
109 creatures vanquished.

Grand Total: 520 creatures vanquished

Notes
Turn   | Place    | Note
-------+----------+-------------------------------------------
     0 | D:1      | qw the Troll Cinder Acolyte began the quest for the Orb.
     0 | D:1      | Reached XP level 1. HP: 22/22 MP: 1/1
     0 | D:1      | 0 ||| qw: Version: 0.1-a-97-g2dd2ca4
     0 | D:1      | 0 ||| qw: Game counter: 4801
     0 | D:1      | 0 ||| qw: Always use a shield: true
     0 | D:1      | 0 ||| qw: God list: Okawaru
     0 | D:1      | 0 ||| qw: Allow faded altars: false
     0 | D:1      | 0 ||| qw: Do Orc after D:15 true
     0 | D:1      | 0 ||| qw: Do second Lair branch before Depths: true
     0 | D:1      | 0 ||| qw: Lair rune preference: random
     0 | D:1      | 0 ||| qw: Plans: Normal
     0 | D:1      | 0 ||| PLANNING D:1-11
    64 | D:1      | 64 ||| Stepping ~*~*~tactically~*~*~ (stealth).
    68 | D:1      | 68 ||| Stepping ~*~*~tactically~*~*~ (stealth).
    69 | D:1      | 69 ||| Stepping ~*~*~tactically~*~*~ (stealth).
   207 | D:1      | 207 ||| Stepping ~*~*~tactically~*~*~ (stealth).
   218 | D:1      | Reached XP level 2. HP: 28/29 MP: 2/2
   222 | D:1      | You fall into a shaft and drop 1 floor!
   313 | D:2      | 313 ||| Stepping ~*~*~tactically~*~*~ (stealth).
   317 | D:2      | Reached skill level 4 in Unarmed Combat
   437 | D:2      | 437 ||| READING scroll labelled MOH XUROCLE.
   438 | D:2      | 438 ||| READING scroll labelled MOTUZI KELU.
   439 | D:2      | 439 ||| READING scroll labelled KYAFYFFITY.
   443 | D:2      | 443 ||| Stepping ~*~*~tactically~*~*~ (stealth).
   452 | D:2      | 452 ||| READING scroll labelled JAUPNO LUGHU.
   453 | D:2      | 453 ||| READING scroll labelled WIOHIYP XOEXYGH.
   454 | D:2      | 454 ||| READING scroll labelled YRRUFI MOICERGH.
   608 | D:2      | 608 ||| READING 3 scrolls labelled ISSYXU IVAEM.
   609 | D:2      | 609 ||| DROPPING 2 scrolls of butterflies.
   617 | D:2      | 617 ||| Stepping ~*~*~tactically~*~*~ (stealth).
   619 | D:2      | 619 ||| Stepping ~*~*~tactically~*~*~ (outnumbered).
   638 | D:2      | Reached XP level 3. HP: 36/36 MP: 3/3
   800 | D:1      | 800 ||| Stepping ~*~*~tactically~*~*~ (stealth).
  1402 | D:1      | 1402 ||| READING scroll labelled RUDGHE GOEMOS.
  1403 | D:1      | 1403 ||| DRINKING 2 metallic inky potions.
  1404 | D:1      | 1404 ||| READING 2 scrolls of identify.
  1404 | D:1      | 1404 ||| IDENTIFYING black potion
  1405 | D:1      | 1405 ||| DROPPING potion of ambrosia.
  1718 | D:2      | 1718 ||| READING scroll labelled WITOZI UKHLIAQO.
  2683 | D:3      | 2683 ||| UPGRADING to +4 ring of protection.
  2684 | D:3      | 2684 ||| DRINKING 3 puce potions.
  2685 | D:3      | 2685 ||| READING 2 scrolls of identify.
  2685 | D:3      | 2685 ||| IDENTIFYING emerald potion
  2686 | D:3      | 2686 ||| DROPPING potion of magic.
  2700 | D:4      | Found a glowing golden altar of the Shining One.
  2753 | D:4      | Reached skill level 1 in Throwing
  2753 | D:4      | Reached XP level 4. HP: 44/44 MP: 4/4
  2808 | D:4      | Noticed an ogre
  2813 | D:4      | Killed an ogre
  2814 | D:4      | Reached skill level 5 in Unarmed Combat
  2814 | D:4      | Reached XP level 5. HP: 37/50 MP: 5/5
  2850 | D:4      | Reached skill level 6 in Unarmed Combat
  2950 | D:4      | Noticed Edmund
  2960 | D:4      | Killed Edmund
  2961 | D:4      | Reached XP level 6. HP: 54/59 MP: 6/6
  2996 | D:4      | 2996 ||| INVOKING Fiery Armour.
  2997 | D:4      | HP: 14/59 [ogre/+0 giant club (7)]
  2998 | D:4      | 2998 ||| READING scroll of teleportation.
  3000 | D:4      | Reached skill level 7 in Unarmed Combat
  3206 | D:4      | 3206 ||| Stepping ~*~*~tactically~*~*~ (stealth).
  3208 | D:4      | 3208 ||| Stepping ~*~*~tactically~*~*~ (hiding).
  3209 | D:4      | 3209 ||| Stepping ~*~*~tactically~*~*~ (hiding).
  3210 | D:4      | 3210 ||| INVOKING Fiery Armour.
  3214 | D:4      | 3214 ||| Stepping ~*~*~tactically~*~*~ (outnumbered).
  3215 | D:4      | 3215 ||| Stepping ~*~*~tactically~*~*~ (outnumbered).
  3216 | D:4      | 3216 ||| Stepping ~*~*~tactically~*~*~ (outnumbered).
  3376 | D:4      | 3376 ||| READING scroll labelled CUUFAM FADUD.
  3377 | D:4      | 3377 ||| READING scroll labelled CUAV ROSAWER.
  3378 | D:4      | 3378 ||| DRINKING 4 ruby potions.
  3379 | D:4      | 3379 ||| READING 4 scrolls of identify.
  3379 | D:4      | 3379 ||| IDENTIFYING orange potion
  3380 | D:4      | 3380 ||| READING 3 scrolls of identify.
  3380 | D:4      | 3380 ||| IDENTIFYING cyan potion
  3381 | D:4      | 3381 ||| READING 2 scrolls of identify.
  3381 | D:4      | 3381 ||| IDENTIFYING fuming amethyst potion
  3382 | D:4      | 3382 ||| DROPPING 3 potions of attraction.
  3396 | D:5      | Entered Level 5 of the Dungeon
  3403 | D:5      | Reached XP level 7. HP: 64/66 MP: 7/7
  3537 | D:5      | Reached skill level 8 in Unarmed Combat
  3577 | D:5      | 3577 ||| Stepping ~*~*~tactically~*~*~ (stealth).
  3593 | D:5      | Identified the +7 hand axe of the Known World {freeze,
                  | Drain rC++ rCorr Dex+4}
  3632 | D:5      | Reached skill level 3 in Fighting
  3671 | D:5      | Found a stormy altar of Qazlal.
  3679 | D:5      | Found a burning altar of Makhleb.
  3707 | D:5      | Found an ornate altar of the Wu Jian Council.
  3707 | D:5      | Found a shimmering altar of Xom.
  3963 | D:5      | Found Efoin's Gadget Gallery.
  3989 | D:5      | 3989 ||| BUYING wand of digging (7) (323 gold).
  3989 | D:5      | Bought a wand of digging (7) for 323 gold pieces
  4073 | D:5      | Noticed a yak
  4074 | D:5      | Noticed a yak
  4075 | D:5      | 4075 ||| Stepping ~*~*~tactically~*~*~ (stealth).
  4076 | D:5      | Noticed a yak
  4087 | D:5      | Killed a yak
  4088 | D:5      | Reached skill level 9 in Unarmed Combat
  4088 | D:5      | Reached XP level 8. HP: 69/75 MP: 8/8
  4245 | D:5      | Found a snail-covered altar of Cheibriados.
  4378 | D:5      | 4378 ||| READING scroll labelled HUC YDORUORCH.
  4479 | D:5      | 4479 ||| READING 2 scrolls of identify.
  4479 | D:5      | 4479 ||| IDENTIFYING brown potion
  4480 | D:5      | 4480 ||| DROPPING potion of lignification.
  4565 | D:6      | 4565 ||| INVOKING Fiery Armour.
  4566 | D:6      | 4566 ||| Stepping ~*~*~tactically~*~*~ (outnumbered).
  4568 | D:6      | Reached skill level 10 in Unarmed Combat
  4575 | D:6      | 4575 ||| Stepping ~*~*~tactically~*~*~ (outnumbered).
  4665 | D:6      | 4665 ||| Stepping ~*~*~tactically~*~*~ (stealth).
  4668 | D:6      | 4668 ||| Stepping ~*~*~tactically~*~*~ (stealth).
  4688 | D:6      | 4688 ||| FLEEEEING.
  4689 | D:6      | 4689 ||| FLEEEEING.
  4697 | D:6      | 4697 ||| STAIRDANCE
  4706 | D:5      | 4706 ||| READING scroll labelled DOBLOS INALUR.
  4709 | D:6      | 4709 ||| Stepping ~*~*~tactically~*~*~ (hiding).
  4743 | D:6      | 4743 ||| Stepping ~*~*~tactically~*~*~ (stealth).
  4745 | D:6      | 4745 ||| STAIRDANCE
  4748 | D:5      | 4748 ||| DRINKING 2 potions of curing.
  4748 | D:5      | 4748 ||| (to cure confusion)
  4754 | D:5      | 4754 ||| DRINKING potion of curing.
  4754 | D:5      | 4754 ||| (to cure confusion)
  4765 | D:6      | 4765 ||| Stepping ~*~*~tactically~*~*~ (outnumbered).
  4977 | D:6      | 4977 ||| READING 2 scrolls of identify.
  4977 | D:6      | 4977 ||| IDENTIFYING purple potion
  4978 | D:6      | 4978 ||| DROPPING potion of degeneration.
  4997 | D:7      | 4997 ||| Stepping ~*~*~tactically~*~*~ (outnumbered).
  5000 | D:7      | 5000 ||| Stepping ~*~*~tactically~*~*~ (outnumbered).
  5001 | D:7      | 5001 ||| STAIRDANCE
  5015 | D:7      | Reached XP level 9. HP: 84/84 MP: 9/9
  5027 | D:7      | 5027 ||| Stepping ~*~*~tactically~*~*~ (hiding).
  5032 | D:7      | 5032 ||| INVOKING Fiery Armour.
  5035 | D:7      | Reached skill level 11 in Unarmed Combat
  5117 | D:7      | 5117 ||| Stepping ~*~*~tactically~*~*~ (hiding).
  5235 | D:7      | 5235 ||| Stepping ~*~*~tactically~*~*~ (stealth).
  5236 | D:7      | 5236 ||| Stepping ~*~*~tactically~*~*~ (stealth).
  5297 | D:7      | 5297 ||| Stepping ~*~*~tactically~*~*~ (stealth).
  5301 | D:7      | 5301 ||| Stepping ~*~*~tactically~*~*~ (stealth).
  5302 | D:7      | 5302 ||| Stepping ~*~*~tactically~*~*~ (stealth).
  5304 | D:7      | 5304 ||| Stepping ~*~*~tactically~*~*~ (hiding).
  5359 | D:7      | Found a staircase to the Ecumenical Temple.
  5473 | D:7      | Reached skill level 12 in Unarmed Combat
  5620 | D:7      | 5620 ||| READING scroll labelled RETZASHR IFEN.
  5621 | D:7      | 5621 ||| READING 3 scrolls of identify.
  5621 | D:7      | 5621 ||| IDENTIFYING lumpy grey potion
  5662 | D:8      | 5662 ||| Stepping ~*~*~tactically~*~*~ (stealth).
  5670 | D:8      | 5670 ||| Stepping ~*~*~tactically~*~*~ (outnumbered).
  5671 | D:8      | 5671 ||| Stepping ~*~*~tactically~*~*~ (outnumbered).
  5680 | D:8      | Paralysed by a hornet for 1 turns
  5681 | D:8      | 5681 ||| INVOKING Fiery Armour.
  5684 | D:8      | HP: 22/88 [yak (3)]
  5685 | D:8      | 5685 ||| DRINKING 2 potions of heal wounds.
  5690 | D:8      | 5690 ||| FLEEEEING.
  5691 | D:8      | 5691 ||| STAIRDANCE
  5750 | D:8      | 5750 ||| STAIRDANCE
  5759 | D:8      | 5759 ||| STAIRDANCE
  5779 | D:8      | Reached skill level 13 in Unarmed Combat
  5779 | D:8      | 5779 ||| Stepping ~*~*~tactically~*~*~ (hiding).
  5843 | D:8      | 5843 ||| Stepping ~*~*~tactically~*~*~ (stealth).
  5845 | D:8      | 5845 ||| Stepping ~*~*~tactically~*~*~ (hiding).
  5849 | D:8      | 5849 ||| INVOKING Fiery Armour.
  5857 | D:8      | 5857 ||| Stepping ~*~*~tactically~*~*~ (outnumbered).
  5858 | D:8      | 5858 ||| Stepping ~*~*~tactically~*~*~ (outnumbered).
  5859 | D:8      | 5859 ||| Stepping ~*~*~tactically~*~*~ (outnumbered).
  5860 | D:8      | 5860 ||| Stepping ~*~*~tactically~*~*~ (outnumbered).
  5861 | D:8      | 5861 ||| Stepping ~*~*~tactically~*~*~ (outnumbered).
  5864 | D:8      | 5864 ||| Stepping ~*~*~tactically~*~*~ (outnumbered).
  5865 | D:8      | 5865 ||| Stepping ~*~*~tactically~*~*~ (outnumbered).
  5873 | D:8      | Reached XP level 10. HP: 25/96 MP: 10/10
  5874 | D:8      | HP: 17/96 [orc warrior/+0 glaive (10)]
  5875 | D:8      | 5875 ||| DRINKING potion of heal wounds.
  5876 | D:8      | 5876 ||| Stepping ~*~*~tactically~*~*~ (outnumbered).
  5880 | D:8      | HP: 21/96 [orc warrior/+0 glaive (11)]
  5887 | D:8      | HP: 15/96 [orc/+0 trident (3)]
  6022 | D:8      | 6022 ||| Stepping ~*~*~tactically~*~*~ (stealth).
  6024 | D:8      | 6024 ||| Stepping ~*~*~tactically~*~*~ (hiding).
  6031 | D:8      | 6031 ||| Stepping ~*~*~tactically~*~*~ (stealth).
  6069 | D:8      | 6069 ||| Stepping ~*~*~tactically~*~*~ (hiding).
  6648 | D:8      | Reached skill level 14 in Unarmed Combat
  6652 | D:8      | 6652 ||| FLEEEEING.
  6668 | D:8      | 6668 ||| FLEEEEING.
  6670 | D:8      | 6670 ||| Stepping ~*~*~tactically~*~*~ (hiding).
  6706 | D:8      | 6706 ||| Stepping ~*~*~tactically~*~*~ (stealth).
  6715 | D:8      | 6715 ||| INVOKING Fiery Armour.
  6792 | D:8      | Found a staircase to the Lair.
  6826 | D:8      | 6826 ||| PLANNING LAIR
  6826 | D:8      | 6826 ||| UPGRADING to +0 steam dragon scales.
  6836 | D:8      | 6836 ||| DROPPING +0 robe.
  6837 | D:8      | 6837 ||| UPGRADING to +0 acid dragon scales.
  6847 | D:8      | 6847 ||| DROPPING +0 steam dragon scales.
  6848 | D:8      | 6848 ||| READING scroll of enchant armour.
  6848 | D:8      | 6848 ||| ENCHANTING +0 acid dragon scales.
  6849 | D:8      | 6849 ||| UPGRADING to amulet of the acrobat.
  6869 | Lair:1   | Entered Level 1 of the Lair of Beasts
  6903 | Lair:1   | Reached skill level 1 in Armour
  6977 | Lair:1   | 6977 ||| Stepping ~*~*~tactically~*~*~ (outnumbered).
  7141 | Lair:1   | 7141 ||| Stepping ~*~*~tactically~*~*~ (outnumbered).
  7148 | Lair:1   | Reached skill level 6 in Fighting
  7218 | Lair:1   | Noticed a cane toad
  7219 | Lair:1   | 7219 ||| Stepping ~*~*~tactically~*~*~ (stealth).
  7240 | Lair:1   | Noticed Urug
  7241 | Lair:1   | 7241 ||| Stepping ~*~*~tactically~*~*~ (stealth).
  7243 | Lair:1   | 7243 ||| INVOKING Fiery Armour.
  7245 | Lair:1   | Killed a cane toad
  7259 | Lair:1   | Killed Urug
  7260 | Lair:1   | Reached skill level 15 in Unarmed Combat
  7260 | Lair:1   | Reached XP level 11. HP: 33/104 MP: 11/11
  7486 | Lair:1   | 7486 ||| UPGRADING to ring of protection from cold.
  7487 | Lair:1   | 7487 ||| READING scroll labelled RIOBBE WIMUODD.
  7488 | Lair:1   | 7488 ||| Stepping randomly (stuck).
  7489 | Lair:1   | 7489 ||| Stepping ~*~*~tactically~*~*~ (cloud).
  7547 | Lair:2   | 7547 ||| INVOKING Fiery Armour.
  7550 | Lair:2   | HP: 26/105 [poisoned by a black mamba]
  7555 | Lair:2   | HP: 20/105 [poisoned by a black mamba]
  7560 | Lair:2   | HP: 19/105 [poisoned by a black mamba]
  7661 | Lair:2   | 7661 ||| Stepping ~*~*~tactically~*~*~ (hiding).
  7662 | Lair:2   | 7662 ||| Stepping ~*~*~tactically~*~*~ (hiding).
  7667 | Lair:2   | 7667 ||| DRINKING potion of cancellation.
  7725 | Lair:2   | You fall into a shaft and drop 2 floors!
  7725 | Lair:4   | Noticed a five-headed hydra
  7726 | Lair:4   | 7726 ||| PLANNING GAUNTLET
  7726 | Lair:4   | 7726 ||| INVOKING Fiery Armour.
  7728 | Lair:4   | 7728 ||| Stepping ~*~*~tactically~*~*~ (hiding).
  7735 | Lair:4   | Reached skill level 3 in Throwing
  7737 | Lair:4   | Killed a six-headed hydra
  7738 | Lair:4   | HP: 24/105 [rime drake/flash freeze (11)]
  7739 | Lair:4   | 7739 ||| READING scroll of teleportation.
  7740 | Lair:4   | 7740 ||| DRINKING potion of heal wounds.
  7830 | Lair:4   | 7830 ||| Stepping ~*~*~tactically~*~*~ (stealth).
  7847 | Lair:4   | 7847 ||| Stepping ~*~*~tactically~*~*~ (outnumbered).
  7848 | Lair:4   | 7848 ||| INVOKING Fiery Armour.
  7849 | Lair:4   | 7849 ||| Stepping ~*~*~tactically~*~*~ (outnumbered).
  7850 | Lair:4   | 7850 ||| Stepping ~*~*~tactically~*~*~ (outnumbered).
  7921 | Lair:4   | 7921 ||| Stepping ~*~*~tactically~*~*~ (stealth).
  7928 | Lair:4   | Reached skill level 16 in Unarmed Combat
  7935 | Lair:4   | Noticed a death yak
  7941 | Lair:4   | Noticed a death yak
  7941 | Lair:4   | Noticed a death yak
  7942 | Lair:4   | 7942 ||| Stepping ~*~*~tactically~*~*~ (stealth).
  7944 | Lair:4   | Noticed a death yak
  7948 | Lair:4   | Killed a death yak
  7953 | Lair:4   | 7953 ||| Stepping ~*~*~tactically~*~*~ (outnumbered).
  7954 | Lair:4   | 7954 ||| Stepping ~*~*~tactically~*~*~ (outnumbered).
  7955 | Lair:4   | 7955 ||| Stepping ~*~*~tactically~*~*~ (outnumbered).
  7956 | Lair:4   | 7956 ||| Stepping ~*~*~tactically~*~*~ (outnumbered).
  7957 | Lair:4   | 7957 ||| Stepping ~*~*~tactically~*~*~ (outnumbered).
  7958 | Lair:4   | 7958 ||| Stepping ~*~*~tactically~*~*~ (outnumbered).
  7959 | Lair:4   | 7959 ||| Stepping ~*~*~tactically~*~*~ (outnumbered).
  7960 | Lair:4   | 7960 ||| Stepping ~*~*~tactically~*~*~ (outnumbered).
  7961 | Lair:4   | 7961 ||| Stepping ~*~*~tactically~*~*~ (outnumbered).
  7962 | Lair:4   | 7962 ||| Stepping ~*~*~tactically~*~*~ (hiding).
  7964 | Lair:4   | 7964 ||| Stepping ~*~*~tactically~*~*~ (outnumbered).
  7966 | Lair:4   | 7966 ||| Stepping ~*~*~tactically~*~*~ (stealth).
  7969 | Lair:4   | 7969 ||| INVOKING Fiery Armour.
  7970 | Lair:4   | 7970 ||| Stepping ~*~*~tactically~*~*~ (outnumbered).
  7971 | Lair:4   | 7971 ||| Stepping ~*~*~tactically~*~*~ (outnumbered).
  7972 | Lair:4   | 7972 ||| Stepping ~*~*~tactically~*~*~ (outnumbered).
  7974 | Lair:4   | Killed a death yak
  7975 | Lair:4   | HP: 23/109 [basilisk (13)]
  7979 | Lair:4   | Killed a death yak
  7982 | Lair:4   | HP: 19/109 [death yak (5)]
  7983 | Lair:4   | Killed a death yak
  7989 | Lair:4   | HP: 16/109 [basilisk (4)]
  8091 | Lair:4   | 8091 ||| Stepping ~*~*~tactically~*~*~ (stealth).
  8107 | Lair:4   | 8107 ||| Stepping ~*~*~tactically~*~*~ (stealth).
  8124 | Lair:4   | Reached XP level 12. HP: 103/118 MP: 12/12
  8178 | Lair:4   | 8178 ||| RIP GAUNTLET
  8197 | Lair:4   | 8197 ||| PLANNING LAIR
  8203 | Lair:4   | Reached skill level 17 in Unarmed Combat
  8229 | Lair:4   | Noticed a seven-headed hydra
  8230 | Lair:4   | 8230 ||| INVOKING Fiery Armour.
  8237 | Lair:4   | Killed a nine-headed hydra
  8421 | Lair:4   | 8421 ||| Stepping ~*~*~tactically~*~*~ (hiding).
  8536 | Lair:4   | 8536 ||| PLANNING TEMPLE
  8673 | Temple   | Entered the Ecumenical Temple
  8725 | Temple   | 8725 ||| PLANNING CONVERSION TO OKAWARU
  8732 | Temple   | Fell from the grace of Ignis
  8732 | Temple   | Became a worshipper of Warmaster Okawaru
  8733 | Temple   | 8733 ||| PLANNING LAIR
  8892 | Lair:2   | Noticed a five-headed hydra
  8902 | Lair:2   | HP: 26/118 [ten-headed hydra (11)]
  8903 | Lair:2   | Killed an 11-headed hydra
  9066 | Lair:2   | 9066 ||| READING 2 scrolls of enchant armour.
  9066 | Lair:2   | 9066 ||| ENCHANTING +1 acid dragon scales.
  9067 | Lair:2   | 9067 ||| READING scroll of enchant armour.
  9067 | Lair:2   | 9067 ||| ENCHANTING +2 acid dragon scales.
  9119 | Lair:2   | Found a staircase to the Swamp.
  9167 | Lair:2   | You fall into a shaft and drop 2 floors!
  9247 | Lair:2   | Reached * piety under Okawaru
  9531 | Lair:2   | Found a blossoming altar of Fedhas.
  9556 | Lair:2   | 9556 ||| INVOKING Heroism.
 10108 | Lair:3   | 10108 ||| INVOKING Heroism.
 10124 | Lair:3   | 10124 ||| INVOKING Heroism.
 10126 | Lair:3   | Reached skill level 1 in Invocations
 10289 | Lair:3   | 10289 ||| Stepping ~*~*~tactically~*~*~ (stealth).
 10291 | Lair:3   | 10291 ||| Stepping ~*~*~tactically~*~*~ (stealth).
 10293 | Lair:3   | 10293 ||| INVOKING Heroism.
 10308 | Lair:3   | 10308 ||| INVOKING Heroism.
 10468 | Lair:3   | 10468 ||| INVOKING Heroism.
 10470 | Lair:3   | Reached skill level 18 in Unarmed Combat
 10470 | Lair:3   | Reached skill level 3 in Invocations
 10532 | Lair:3   | 10532 ||| Stepping ~*~*~tactically~*~*~ (outnumbered).
 10534 | Lair:3   | 10534 ||| Stepping ~*~*~tactically~*~*~ (outnumbered).
 10538 | Lair:3   | 10538 ||| INVOKING Heroism.
 10715 | Lair:3   | Found a staircase to the Snake Pit.
 11006 | Lair:3   | 11006 ||| UPGRADING to +0 cloak.
 11011 | Lair:3   | 11011 ||| DROPPING ring of magical power.
 11012 | Lair:3   | 11012 ||| DRINKING 2 lumpy clear potions.
 11013 | Lair:3   | 11013 ||| READING 4 scrolls of identify.
 11013 | Lair:3   | 11013 ||| IDENTIFYING dark potion
 11014 | Lair:3   | 11014 ||| DROPPING potion of brilliance.
 11181 | Lair:4   | Noticed a seven-headed hydra
 11182 | Lair:4   | 11182 ||| INVOKING Heroism.
 11189 | Lair:4   | Killed a ten-headed hydra
 11282 | Lair:4   | 11282 ||| INVOKING Heroism.
 11572 | Lair:5   | Entered Level 5 of the Lair of Beasts
 11577 | Lair:5   | 11577 ||| Stepping ~*~*~tactically~*~*~ (stealth).
 11582 | Lair:5   | 11582 ||| Stepping ~*~*~tactically~*~*~ (stealth).
 11587 | Lair:5   | 11587 ||| Stepping ~*~*~tactically~*~*~ (stealth).
 11589 | Lair:5   | 11589 ||| INVOKING Heroism.
 11590 | Lair:5   | 11590 ||| Stepping ~*~*~tactically~*~*~ (stealth).
 11591 | Lair:5   | 11591 ||| Stepping ~*~*~tactically~*~*~ (stealth).
 11612 | Lair:5   | Reached skill level 3 in Armour
 11617 | Lair:5   | 11617 ||| Stepping ~*~*~tactically~*~*~ (outnumbered).
 11618 | Lair:5   | 11618 ||| Stepping ~*~*~tactically~*~*~ (outnumbered).
 11619 | Lair:5   | 11619 ||| Stepping ~*~*~tactically~*~*~ (outnumbered).
 11668 | Lair:5   | 11668 ||| INVOKING Heroism.
 11671 | Lair:5   | 11671 ||| Stepping ~*~*~tactically~*~*~ (outnumbered).
 11672 | Lair:5   | 11672 ||| Stepping ~*~*~tactically~*~*~ (outnumbered).
 11674 | Lair:5   | 11674 ||| Stepping ~*~*~tactically~*~*~ (outnumbered).
 11681 | Lair:5   | Reached ** piety under Okawaru
 11703 | Lair:5   | 11703 ||| INVOKING Heroism.
 11712 | Lair:5   | 11712 ||| Stepping ~*~*~tactically~*~*~ (stealth).
 11724 | Lair:5   | 11724 ||| INVOKING Heroism.
 11740 | Lair:5   | HP: 29/119 [poisoned by a cane toad]
 11741 | Lair:5   | 11741 ||| DRINKING potion of heal wounds.
 11746 | Lair:5   | HP: 29/119 [poisoned by a cane toad]
 11751 | Lair:5   | HP: 20/119 [poisoned by a cane toad]
 11768 | Lair:5   | 11768 ||| INVOKING Heroism.
 11770 | Lair:5   | HP: 26/119 [fire elemental[the fiery vengeance of Ignis]
                  | (10)]
 11773 | Lair:5   | HP: 12/119 [fire elemental[the fiery vengeance of Ignis]
                  | (10)]
 11787 | Lair:5   | Reached XP level 13. HP: 27/127 MP: 15/15
 11793 | Lair:5   | Reached *** piety under Okawaru
 11793 | Lair:5   | Received a gift from Okawaru
 11840 | Lair:5   | 11840 ||| INVOKING Heroism.
 11930 | Lair:5   | 11930 ||| INVOKING Heroism.
 11989 | Lair:5   | 11989 ||| INVOKING Heroism.
 12025 | Lair:5   | 12025 ||| INVOKING Heroism.
 12077 | Lair:5   | Identified the +0 crystal plate armour "Fofostis" {rF+}
 12123 | Lair:5   | 12123 ||| Stepping ~*~*~tactically~*~*~ (stealth).
 12170 | Lair:5   | 12170 ||| INVOKING Heroism.
 12211 | Lair:5   | 12211 ||| INVOKING Heroism.
 12233 | Lair:5   | 12233 ||| FLEEEEING.
 12234 | Lair:5   | 12234 ||| FLEEEEING.
 12235 | Lair:5   | 12235 ||| FLEEEEING.
 12236 | Lair:5   | 12236 ||| FLEEEEING.
 12237 | Lair:5   | 12237 ||| INVOKING Heroism.
 12335 | Lair:5   | 12335 ||| INVOKING Heroism.
 12367 | Lair:5   | 12367 ||| INVOKING Heroism.
 12402 | Lair:5   | 12402 ||| INVOKING Heroism.
 12459 | Lair:5   | 12459 ||| Stepping ~*~*~tactically~*~*~ (hiding).
 12462 | Lair:5   | 12462 ||| Stepping ~*~*~tactically~*~*~ (hiding).
 12631 | Lair:5   | 12631 ||| INVOKING Heroism.
 12637 | Lair:5   | Reached skill level 19 in Unarmed Combat
 12651 | Lair:5   | Found a viscous altar of Jiyva.
 12652 | Lair:5   | Found a staircase to the Slime Pits.
 12920 | Lair:5   | Was forgiven by Ignis
 12928 | Lair:5   | 12928 ||| INVOKING Heroism.
 12958 | Lair:5   | 12958 ||| FLEEEEING.
 12959 | Lair:5   | 12959 ||| FLEEEEING.
 12960 | Lair:5   | 12960 ||| FLEEEEING.
 12961 | Lair:5   | 12961 ||| FLEEEEING.
 12962 | Lair:5   | 12962 ||| FLEEEEING.
 12963 | Lair:5   | 12963 ||| FLEEEEING.
 12964 | Lair:5   | 12964 ||| STAIRDANCE
 12993 | Lair:4   | 12993 ||| READING 4 scrolls of identify.
 12993 | Lair:4   | 12993 ||| IDENTIFYING red potion
 12994 | Lair:4   | 12994 ||| DROPPING potion of flight.
 12997 | Lair:5   | 12997 ||| INVOKING Heroism.
 13104 | Lair:5   | 13104 ||| PLANNING D:1-11
 13337 | D:9      | Received a gift from Okawaru
 13339 | D:9      | 13339 ||| READING scroll of enchant armour.
 13339 | D:9      | 13339 ||| ENCHANTING +3 acid dragon scales.
 13519 | D:9      | 13519 ||| INVOKING Heroism.
 13527 | D:9      | 13527 ||| Stepping ~*~*~tactically~*~*~ (outnumbered).
 13529 | D:9      | 13529 ||| Stepping ~*~*~tactically~*~*~ (outnumbered).
 13530 | D:9      | 13530 ||| Stepping ~*~*~tactically~*~*~ (outnumbered).
 13531 | D:9      | 13531 ||| Stepping ~*~*~tactically~*~*~ (outnumbered).
 13532 | D:9      | 13532 ||| Stepping ~*~*~tactically~*~*~ (outnumbered).
 13533 | D:9      | 13533 ||| Stepping ~*~*~tactically~*~*~ (outnumbered).
 13534 | D:9      | 13534 ||| Stepping ~*~*~tactically~*~*~ (outnumbered).
 13535 | D:9      | 13535 ||| INVOKING Heroism.
 13536 | D:9      | 13536 ||| Stepping ~*~*~tactically~*~*~ (outnumbered).
 13537 | D:9      | 13537 ||| Stepping ~*~*~tactically~*~*~ (outnumbered).
 13538 | D:9      | 13538 ||| Stepping ~*~*~tactically~*~*~ (outnumbered).
 13539 | D:9      | 13539 ||| Stepping ~*~*~tactically~*~*~ (outnumbered).
 13543 | D:9      | 13543 ||| Stepping ~*~*~tactically~*~*~ (outnumbered).
 13547 | D:9      | 13547 ||| Stepping ~*~*~tactically~*~*~ (outnumbered).
 13549 | D:9      | 13549 ||| Stepping ~*~*~tactically~*~*~ (outnumbered).
 13550 | D:9      | 13550 ||| Stepping ~*~*~tactically~*~*~ (outnumbered).
 13551 | D:9      | 13551 ||| Stepping ~*~*~tactically~*~*~ (outnumbered).
 13851 | D:9      | 13851 ||| Stepping ~*~*~tactically~*~*~ (stealth).
 13856 | D:9      | 13856 ||| Stepping ~*~*~tactically~*~*~ (stealth).
 13858 | D:9      | 13858 ||| INVOKING Heroism.
 13861 | D:9      | 13861 ||| Stepping ~*~*~tactically~*~*~ (outnumbered).
 13862 | D:9      | 13862 ||| Stepping ~*~*~tactically~*~*~ (outnumbered).
 13864 | D:9      | 13864 ||| Stepping ~*~*~tactically~*~*~ (outnumbered).
 13865 | D:9      | 13865 ||| Stepping ~*~*~tactically~*~*~ (outnumbered).
 13866 | D:9      | 13866 ||| Stepping ~*~*~tactically~*~*~ (outnumbered).
 13867 | D:9      | 13867 ||| Stepping ~*~*~tactically~*~*~ (outnumbered).
 13869 | D:9      | 13869 ||| Stepping ~*~*~tactically~*~*~ (outnumbered).
 13870 | D:9      | 13870 ||| Stepping ~*~*~tactically~*~*~ (outnumbered).
 13871 | D:9      | 13871 ||| Stepping ~*~*~tactically~*~*~ (outnumbered).
 13874 | D:9      | 13874 ||| Stepping ~*~*~tactically~*~*~ (outnumbered).
 13875 | D:9      | 13875 ||| Stepping ~*~*~tactically~*~*~ (outnumbered).
 13950 | D:9      | 13950 ||| INVOKING Heroism.
 13966 | D:9      | 13966 ||| Stepping ~*~*~tactically~*~*~ (stealth).
 14021 | D:9      | 14021 ||| INVOKING Heroism.
 14026 | D:9      | 14026 ||| Stepping ~*~*~tactically~*~*~ (outnumbered).
 14027 | D:9      | 14027 ||| Stepping ~*~*~tactically~*~*~ (outnumbered).
 14028 | D:9      | 14028 ||| Stepping ~*~*~tactically~*~*~ (outnumbered).
 14029 | D:9      | 14029 ||| Stepping ~*~*~tactically~*~*~ (outnumbered).
 14030 | D:9      | 14030 ||| Stepping ~*~*~tactically~*~*~ (outnumbered).
 14031 | D:9      | 14031 ||| Stepping ~*~*~tactically~*~*~ (outnumbered).
 14032 | D:9      | 14032 ||| Stepping ~*~*~tactically~*~*~ (outnumbered).
 14033 | D:9      | 14033 ||| Stepping ~*~*~tactically~*~*~ (outnumbered).
 14034 | D:9      | 14034 ||| Stepping ~*~*~tactically~*~*~ (outnumbered).
 14035 | D:9      | 14035 ||| Stepping ~*~*~tactically~*~*~ (outnumbered).
 14036 | D:9      | 14036 ||| Stepping ~*~*~tactically~*~*~ (outnumbered).
 14195 | D:10     | Entered Level 10 of the Dungeon
 14195 | D:10     | Found a shadowy altar of Dithmenos.
 14262 | D:10     | 14262 ||| Stepping ~*~*~tactically~*~*~ (stealth).
 14263 | D:10     | 14263 ||| Stepping ~*~*~tactically~*~*~ (stealth).
 14264 | D:10     | 14264 ||| Stepping ~*~*~tactically~*~*~ (stealth).
 14290 | D:10     | 14290 ||| READING scroll of enchant armour.
 14290 | D:10     | 14290 ||| ENCHANTING +4 acid dragon scales.
 14323 | D:10     | Noticed Psyche
 14326 | D:10     | 14326 ||| INVOKING Heroism.
 14432 | D:10     | 14432 ||| INVOKING Heroism.
 14436 | D:10     | Killed Psyche
 14500 | D:10     | 14500 ||| Stepping ~*~*~tactically~*~*~ (hiding).
 14504 | D:10     | 14504 ||| INVOKING Heroism.
 14626 | D:10     | 14626 ||| Stepping ~*~*~tactically~*~*~ (stealth).
 14628 | D:10     | 14628 ||| Stepping ~*~*~tactically~*~*~ (stealth).
 14629 | D:10     | 14629 ||| INVOKING Heroism.
 14630 | D:10     | 14630 ||| Stepping ~*~*~tactically~*~*~ (stealth).
 14641 | D:10     | Reached skill level 9 in Fighting
 14652 | D:10     | 14652 ||| Stepping ~*~*~tactically~*~*~ (hiding).
 14666 | D:10     | 14666 ||| Stepping ~*~*~tactically~*~*~ (stealth).
 14676 | D:10     | 14676 ||| Stepping ~*~*~tactically~*~*~ (stealth).
 14678 | D:10     | 14678 ||| INVOKING Heroism.
 14683 | D:10     | 14683 ||| Stepping ~*~*~tactically~*~*~ (outnumbered).
 14684 | D:10     | 14684 ||| Stepping ~*~*~tactically~*~*~ (outnumbered).
 14693 | D:10     | 14693 ||| Stepping ~*~*~tactically~*~*~ (stealth).
 14697 | D:10     | 14697 ||| Stepping ~*~*~tactically~*~*~ (stealth).
 14735 | D:10     | Found a staircase to the Orcish Mines.
 14763 | D:10     | 14763 ||| Stepping ~*~*~tactically~*~*~ (stealth).
 14865 | D:10     | 14865 ||| INVOKING Heroism.
 14876 | D:10     | 14876 ||| Stepping ~*~*~tactically~*~*~ (outnumbered).
 14887 | D:10     | Noticed Maurice
 14888 | D:10     | 14888 ||| Stepping ~*~*~tactically~*~*~ (stealth).
 14892 | D:10     | Killed Maurice
 15133 | D:10     | 15133 ||| UPGRADING to ring of poison resistance.
 15135 | D:10     | 15135 ||| UPGRADING to +4 ring of protection.
 15166 | D:11     | Reached **** piety under Okawaru
 15256 | D:11     | 15256 ||| Stepping randomly (disturbance).
 15341 | D:11     | 15341 ||| READING scroll of teleportation.
 15395 | D:11     | 15395 ||| INVOKING Heroism.
 15805 | D:11     | 15805 ||| Stepping randomly (stuck).
 15806 | D:11     | 15806 ||| Stepping randomly (stuck).
 15807 | D:11     | 15807 ||| Stepping randomly (stuck).
 15812 | D:11     | 15812 ||| Stepping randomly (stuck).
 15813 | D:11     | 15813 ||| Stepping randomly (stuck).
 15814 | D:11     | 15814 ||| Stepping randomly (stuck).
 15815 | D:11     | 15815 ||| Stepping randomly (stuck).
 15816 | D:11     | 15816 ||| Stepping randomly (stuck).
 15817 | D:11     | 15817 ||| Stepping randomly (stuck).
 15818 | D:11     | 15818 ||| Stepping randomly (stuck).
 15819 | D:11     | 15819 ||| Stepping randomly (stuck).
 15820 | D:11     | 15820 ||| Stepping randomly (stuck).
 15821 | D:11     | 15821 ||| Stepping randomly (stuck).
 15822 | D:11     | 15822 ||| Stepping randomly (stuck).
 15823 | D:11     | 15823 ||| Stepping randomly (stuck).
 15824 | D:11     | 15824 ||| Stepping randomly (stuck).
 15825 | D:11     | 15825 ||| Stepping randomly (stuck).
 15826 | D:11     | 15826 ||| Stepping randomly (stuck).
 15827 | D:11     | 15827 ||| Stepping randomly (stuck).
 15828 | D:11     | 15828 ||| Stepping randomly (stuck).
 15829 | D:11     | 15829 ||| Stepping randomly (stuck).
 15830 | D:11     | 15830 ||| Stepping randomly (stuck).
 15831 | D:11     | 15831 ||| Stepping randomly (stuck).
 15832 | D:11     | 15832 ||| Stepping randomly (stuck).
 15833 | D:11     | 15833 ||| Stepping randomly (stuck).
 15834 | D:11     | 15834 ||| Stepping randomly (stuck).
 15835 | D:11     | 15835 ||| Stepping randomly (stuck).
 15836 | D:11     | 15836 ||| Stepping randomly (stuck).
 15837 | D:11     | 15837 ||| Stepping randomly (stuck).
 15838 | D:11     | 15838 ||| Stepping randomly (stuck).
 15839 | D:11     | 15839 ||| Stepping randomly (stuck).
 15840 | D:11     | 15840 ||| Stepping randomly (stuck).
 15841 | D:11     | 15841 ||| Stepping randomly (stuck).
 15842 | D:11     | 15842 ||| Stepping randomly (stuck).
 15843 | D:11     | 15843 ||| Stepping randomly (stuck).
 15844 | D:11     | 15844 ||| Stepping randomly (stuck).
 15845 | D:11     | 15845 ||| Stepping randomly (stuck).
 15846 | D:11     | 15846 ||| Stepping randomly (stuck).
 15847 | D:11     | 15847 ||| Stepping randomly (stuck).
 15848 | D:11     | 15848 ||| Stepping randomly (stuck).
 15849 | D:11     | 15849 ||| Stepping randomly (stuck).
 15850 | D:11     | 15850 ||| Stepping randomly (stuck).
 15851 | D:11     | 15851 ||| Stepping randomly (stuck).
 15852 | D:11     | 15852 ||| Stepping randomly (stuck).
 15853 | D:11     | 15853 ||| Stepping randomly (stuck).
 15854 | D:11     | 15854 ||| Stepping randomly (stuck).
 15855 | D:11     | 15855 ||| Stepping randomly (stuck).
 15856 | D:11     | 15856 ||| Stepping randomly (stuck).
 15857 | D:11     | 15857 ||| Stepping randomly (stuck).
 15858 | D:11     | 15858 ||| Stepping randomly (stuck).
 15859 | D:11     | 15859 ||| Stepping randomly (stuck).
 15860 | D:11     | 15860 ||| Stepping randomly (stuck).
 15861 | D:11     | 15861 ||| Stepping randomly (stuck).
 15862 | D:11     | 15862 ||| Stepping randomly (stuck).
 15863 | D:11     | 15863 ||| Stepping randomly (stuck).
 15864 | D:11     | 15864 ||| Stepping randomly (stuck).
 15865 | D:11     | 15865 ||| Stepping randomly (stuck).
 15866 | D:11     | 15866 ||| Stepping randomly (stuck).
 15867 | D:11     | 15867 ||| Stepping randomly (stuck).
 15868 | D:11     | 15868 ||| Stepping randomly (stuck).
 15869 | D:11     | 15869 ||| Stepping randomly (stuck).
 15870 | D:11     | 15870 ||| Stepping randomly (stuck).
 15871 | D:11     | 15871 ||| Stepping randomly (stuck).
 15872 | D:11     | 15872 ||| Stepping randomly (stuck).
 15873 | D:11     | 15873 ||| Stepping randomly (stuck).
 15874 | D:11     | 15874 ||| Stepping randomly (stuck).
 15875 | D:11     | 15875 ||| Stepping randomly (stuck).
 15876 | D:11     | 15876 ||| Stepping randomly (stuck).
 15877 | D:11     | 15877 ||| Stepping randomly (stuck).
 15878 | D:11     | 15878 ||| Stepping randomly (stuck).
 15879 | D:11     | 15879 ||| Stepping randomly (stuck).
 15880 | D:11     | 15880 ||| Stepping randomly (stuck).
 15881 | D:11     | 15881 ||| Stepping randomly (stuck).
 15882 | D:11     | 15882 ||| Stepping randomly (stuck).
 15883 | D:11     | 15883 ||| Stepping randomly (stuck).
 15884 | D:11     | 15884 ||| Stepping randomly (stuck).
 15885 | D:11     | 15885 ||| Stepping randomly (stuck).
 15886 | D:11     | 15886 ||| Stepping randomly (stuck).
 15887 | D:11     | 15887 ||| Stepping randomly (stuck).
 15888 | D:11     | 15888 ||| Stepping randomly (stuck).
 15889 | D:11     | 15889 ||| Stepping randomly (stuck).
 15891 | D:11     | 15891 ||| Stepping randomly (stuck).
 15892 | D:11     | 15892 ||| Stepping randomly (stuck).
 15893 | D:11     | 15893 ||| Stepping randomly (stuck).
 15894 | D:11     | 15894 ||| Stepping randomly (stuck).
 15895 | D:11     | 15895 ||| Stepping randomly (stuck).
 15896 | D:11     | 15896 ||| Stepping randomly (stuck).
 15897 | D:11     | 15897 ||| Stepping randomly (stuck).
 15899 | D:11     | 15899 ||| Stepping randomly (stuck).
 15900 | D:11     | 15900 ||| Stepping randomly (stuck).
 15901 | D:11     | 15901 ||| Stepping randomly (stuck).
 15902 | D:11     | 15902 ||| Stepping randomly (stuck).
 15903 | D:11     | 15903 ||| Stepping randomly (stuck).
 15904 | D:11     | 15904 ||| Stepping randomly (stuck).
 15905 | D:11     | 15905 ||| Stepping randomly (stuck).
 15906 | D:11     | 15906 ||| Stepping randomly (stuck).
 15907 | D:11     | 15907 ||| Stepping randomly (stuck).
 15908 | D:11     | 15908 ||| Stepping randomly (stuck).
 15909 | D:11     | 15909 ||| Stepping randomly (stuck).
 15910 | D:11     | 15910 ||| Stepping randomly (stuck).
 15911 | D:11     | 15911 ||| Stepping randomly (stuck).
 15912 | D:11     | 15912 ||| Stepping randomly (stuck).
 15913 | D:11     | 15913 ||| Stepping randomly (stuck).
 15914 | D:11     | 15914 ||| Stepping randomly (stuck).
 15915 | D:11     | 15915 ||| Stepping randomly (stuck).
 15916 | D:11     | 15916 ||| Stepping randomly (stuck).
 15917 | D:11     | 15917 ||| Stepping randomly (stuck).
 15918 | D:11     | 15918 ||| Stepping randomly (stuck).
 15919 | D:11     | 15919 ||| Stepping randomly (stuck).
 15920 | D:11     | 15920 ||| Stepping randomly (stuck).
 15921 | D:11     | 15921 ||| Stepping randomly (stuck).
 15922 | D:11     | 15922 ||| Stepping randomly (stuck).
 15923 | D:11     | 15923 ||| Stepping randomly (stuck).
 15924 | D:11     | 15924 ||| Stepping randomly (stuck).
 15925 | D:11     | 15925 ||| Stepping randomly (stuck).
 15926 | D:11     | 15926 ||| Stepping randomly (stuck).
 15927 | D:11     | 15927 ||| Stepping randomly (stuck).
 15928 | D:11     | 15928 ||| Stepping randomly (stuck).
 15929 | D:11     | 15929 ||| Stepping randomly (stuck).
 15930 | D:11     | 15930 ||| Stepping randomly (stuck).
 15931 | D:11     | 15931 ||| Stepping randomly (stuck).
 15933 | D:11     | 15933 ||| Stepping randomly (stuck).
 15935 | D:11     | 15935 ||| Stepping randomly (stuck).
 15937 | D:11     | 15937 ||| Stepping randomly (stuck).
 15939 | D:11     | 15939 ||| Stepping randomly (stuck).
 15940 | D:11     | 15940 ||| Stepping randomly (stuck).
 15941 | D:11     | 15941 ||| Stepping randomly (stuck).
 15942 | D:11     | 15942 ||| Stepping randomly (stuck).
 15943 | D:11     | 15943 ||| Stepping randomly (stuck).
 15944 | D:11     | 15944 ||| Stepping randomly (stuck).
 15945 | D:11     | 15945 ||| Stepping randomly (stuck).
 15946 | D:11     | 15946 ||| Stepping randomly (stuck).
 15947 | D:11     | 15947 ||| Stepping randomly (stuck).
 15948 | D:11     | 15948 ||| Stepping randomly (stuck).
 15949 | D:11     | 15949 ||| Stepping randomly (stuck).
 15950 | D:11     | 15950 ||| Stepping randomly (stuck).
 15951 | D:11     | 15951 ||| Stepping randomly (stuck).
 15952 | D:11     | 15952 ||| Stepping randomly (stuck).
 15953 | D:11     | 15953 ||| Stepping randomly (stuck).
 15954 | D:11     | 15954 ||| Stepping randomly (stuck).
 15955 | D:11     | 15955 ||| Stepping randomly (stuck).
 15956 | D:11     | 15956 ||| Stepping randomly (stuck).
 15957 | D:11     | 15957 ||| Stepping randomly (stuck).
 15959 | D:11     | 15959 ||| Stepping randomly (stuck).
 15961 | D:11     | 15961 ||| Stepping randomly (stuck).
 15962 | D:11     | 15962 ||| Stepping randomly (stuck).
 15963 | D:11     | 15963 ||| Stepping randomly (stuck).
 15964 | D:11     | 15964 ||| Stepping randomly (stuck).
 15965 | D:11     | 15965 ||| Stepping randomly (stuck).
 15966 | D:11     | 15966 ||| Stepping randomly (stuck).
 15967 | D:11     | 15967 ||| Stepping randomly (stuck).
 15968 | D:11     | 15968 ||| Stepping randomly (stuck).
 15969 | D:11     | 15969 ||| Stepping randomly (stuck).
 15970 | D:11     | 15970 ||| Stepping randomly (stuck).
 15971 | D:11     | 15971 ||| Stepping randomly (stuck).
 15974 | D:11     | 15974 ||| Stepping randomly (stuck).
 15975 | D:11     | 15975 ||| Stepping randomly (stuck).
 15976 | D:11     | 15976 ||| Stepping randomly (stuck).
 15977 | D:11     | 15977 ||| Stepping randomly (stuck).
 15978 | D:11     | 15978 ||| Stepping randomly (stuck).
 15979 | D:11     | 15979 ||| Stepping randomly (stuck).
 15980 | D:11     | 15980 ||| Stepping randomly (stuck).
 15981 | D:11     | 15981 ||| Stepping randomly (stuck).
 15982 | D:11     | 15982 ||| Stepping randomly (stuck).
 15983 | D:11     | 15983 ||| Stepping randomly (stuck).
 15984 | D:11     | 15984 ||| Stepping randomly (stuck).
 15985 | D:11     | 15985 ||| Stepping randomly (stuck).
 15986 | D:11     | 15986 ||| Stepping randomly (stuck).
 15987 | D:11     | 15987 ||| Stepping randomly (stuck).
 15988 | D:11     | 15988 ||| Stepping randomly (stuck).
 15989 | D:11     | 15989 ||| Stepping randomly (stuck).
 15990 | D:11     | 15990 ||| Stepping randomly (stuck).
 15991 | D:11     | 15991 ||| Stepping randomly (stuck).
 15992 | D:11     | 15992 ||| Stepping randomly (stuck).
 15993 | D:11     | 15993 ||| Stepping randomly (stuck).
 15994 | D:11     | 15994 ||| Stepping randomly (stuck).
 15995 | D:11     | 15995 ||| Stepping randomly (stuck).
 15996 | D:11     | 15996 ||| Stepping randomly (stuck).
 15997 | D:11     | 15997 ||| Stepping randomly (stuck).
 15998 | D:11     | 15998 ||| Stepping randomly (stuck).
 15999 | D:11     | 15999 ||| Stepping randomly (stuck).
 16000 | D:11     | 16000 ||| Stepping randomly (stuck).
 16001 | D:11     | 16001 ||| Stepping randomly (stuck).
 16002 | D:11     | 16002 ||| Stepping randomly (stuck).
 16003 | D:11     | 16003 ||| Stepping randomly (stuck).
 16004 | D:11     | 16004 ||| Stepping randomly (stuck).
 16005 | D:11     | 16005 ||| Stepping randomly (stuck).
 16006 | D:11     | 16006 ||| Stepping randomly (stuck).
 16007 | D:11     | 16007 ||| Stepping randomly (stuck).
 16008 | D:11     | 16008 ||| Stepping randomly (stuck).
 16009 | D:11     | 16009 ||| Stepping randomly (stuck).
 16010 | D:11     | 16010 ||| Stepping randomly (stuck).
 16011 | D:11     | 16011 ||| Stepping randomly (stuck).
 16019 | D:11     | 16019 ||| Stepping randomly (stuck).
 16020 | D:11     | 16020 ||| Stepping randomly (stuck).
 16021 | D:11     | 16021 ||| Stepping randomly (stuck).
 16022 | D:11     | 16022 ||| Stepping randomly (stuck).
 16023 | D:11     | 16023 ||| Stepping randomly (stuck).
 16024 | D:11     | 16024 ||| Stepping randomly (stuck).
 16025 | D:11     | 16025 ||| Stepping randomly (stuck).
 16026 | D:11     | 16026 ||| Stepping randomly (stuck).
 16027 | D:11     | 16027 ||| Stepping randomly (stuck).
 16028 | D:11     | 16028 ||| Stepping randomly (stuck).
 16029 | D:11     | 16029 ||| Stepping randomly (stuck).
 16030 | D:11     | 16030 ||| Stepping randomly (stuck).
 16031 | D:11     | 16031 ||| Stepping randomly (stuck).
 16032 | D:11     | 16032 ||| Stepping randomly (stuck).
 16033 | D:11     | 16033 ||| Stepping randomly (stuck).
 16034 | D:11     | 16034 ||| Stepping randomly (stuck).
 16035 | D:11     | 16035 ||| Stepping randomly (stuck).
 16036 | D:11     | 16036 ||| Stepping randomly (stuck).
 16037 | D:11     | 16037 ||| Stepping randomly (stuck).
 16038 | D:11     | 16038 ||| Stepping randomly (stuck).
 16039 | D:11     | 16039 ||| Stepping randomly (stuck).
 16040 | D:11     | 16040 ||| Stepping randomly (stuck).
 16041 | D:11     | 16041 ||| Stepping randomly (stuck).
 16042 | D:11     | 16042 ||| Stepping randomly (stuck).
 16043 | D:11     | 16043 ||| Stepping randomly (stuck).
 16044 | D:11     | 16044 ||| Stepping randomly (stuck).
 16045 | D:11     | 16045 ||| Stepping randomly (stuck).
 16046 | D:11     | 16046 ||| Stepping randomly (stuck).
 16047 | D:11     | 16047 ||| Stepping randomly (stuck).
 16048 | D:11     | 16048 ||| Stepping randomly (stuck).
 16049 | D:11     | 16049 ||| Stepping randomly (stuck).
 16050 | D:11     | 16050 ||| Stepping randomly (stuck).
 16051 | D:11     | 16051 ||| Stepping randomly (stuck).
 16052 | D:11     | 16052 ||| Stepping randomly (stuck).
 16053 | D:11     | 16053 ||| Stepping randomly (stuck).
 16054 | D:11     | 16054 ||| Stepping randomly (stuck).
 16055 | D:11     | 16055 ||| Stepping randomly (stuck).
 16056 | D:11     | 16056 ||| Stepping randomly (stuck).
 16057 | D:11     | 16057 ||| Stepping randomly (stuck).
 16059 | D:11     | 16059 ||| Stepping randomly (stuck).
 16061 | D:11     | 16061 ||| Stepping randomly (stuck).
 16062 | D:11     | 16062 ||| Stepping randomly (stuck).
 16063 | D:11     | 16063 ||| Stepping randomly (stuck).
 16064 | D:11     | 16064 ||| Stepping randomly (stuck).
 16066 | D:11     | 16066 ||| Stepping randomly (stuck).
 16067 | D:11     | 16067 ||| Stepping randomly (stuck).
 16068 | D:11     | 16068 ||| Stepping randomly (stuck).
 16069 | D:11     | 16069 ||| Stepping randomly (stuck).
 16070 | D:11     | 16070 ||| Stepping randomly (stuck).
 16071 | D:11     | 16071 ||| Stepping randomly (stuck).
 16072 | D:11     | 16072 ||| Stepping randomly (stuck).
 16073 | D:11     | 16073 ||| Stepping randomly (stuck).
 16074 | D:11     | 16074 ||| Stepping randomly (stuck).
 16075 | D:11     | 16075 ||| Stepping randomly (stuck).
 16076 | D:11     | 16076 ||| Stepping randomly (stuck).
 16077 | D:11     | 16077 ||| Stepping randomly (stuck).
 16078 | D:11     | 16078 ||| Stepping randomly (stuck).
 16079 | D:11     | 16079 ||| Stepping randomly (stuck).
 16080 | D:11     | 16080 ||| Stepping randomly (stuck).
 16082 | D:11     | 16082 ||| Stepping randomly (stuck).
 16083 | D:11     | 16083 ||| Stepping randomly (stuck).
 16085 | D:11     | 16085 ||| Stepping randomly (stuck).
 16086 | D:11     | 16086 ||| Stepping randomly (stuck).
 16087 | D:11     | 16087 ||| Stepping randomly (stuck).
 16088 | D:11     | 16088 ||| Stepping randomly (stuck).
 16089 | D:11     | 16089 ||| Stepping randomly (stuck).
 16090 | D:11     | 16090 ||| Stepping randomly (stuck).
 16091 | D:11     | 16091 ||| Stepping randomly (stuck).
 16092 | D:11     | 16092 ||| Stepping randomly (stuck).
 16093 | D:11     | 16093 ||| Stepping randomly (stuck).
 16094 | D:11     | 16094 ||| Stepping randomly (stuck).
 16095 | D:11     | 16095 ||| Stepping randomly (stuck).
 16096 | D:11     | 16096 ||| Stepping randomly (stuck).
 16097 | D:11     | 16097 ||| Stepping randomly (stuck).
 16098 | D:11     | 16098 ||| Stepping randomly (stuck).
 16099 | D:11     | 16099 ||| Stepping randomly (stuck).
 16100 | D:11     | 16100 ||| Stepping randomly (stuck).
 16101 | D:11     | 16101 ||| Stepping randomly (stuck).
 16102 | D:11     | 16102 ||| Stepping randomly (stuck).
 16103 | D:11     | 16103 ||| Stepping randomly (stuck).
 16104 | D:11     | 16104 ||| Stepping randomly (stuck).
 16105 | D:11     | 16105 ||| Stepping randomly (stuck).
 16106 | D:11     | 16106 ||| Stepping randomly (stuck).
 16107 | D:11     | 16107 ||| Stepping randomly (stuck).
 16108 | D:11     | 16108 ||| Stepping randomly (stuck).
 16109 | D:11     | 16109 ||| Stepping randomly (stuck).
 16110 | D:11     | 16110 ||| Stepping randomly (stuck).
 16111 | D:11     | 16111 ||| Stepping randomly (stuck).
 16112 | D:11     | 16112 ||| Stepping randomly (stuck).
 16113 | D:11     | 16113 ||| Stepping randomly (stuck).
 16114 | D:11     | 16114 ||| Stepping randomly (stuck).
 16115 | D:11     | 16115 ||| Stepping randomly (stuck).
 16116 | D:11     | 16116 ||| Stepping randomly (stuck).
 16117 | D:11     | 16117 ||| Stepping randomly (stuck).
 16118 | D:11     | 16118 ||| Stepping randomly (stuck).
 16119 | D:11     | 16119 ||| Stepping randomly (stuck).
 16120 | D:11     | 16120 ||| Stepping randomly (stuck).
 16121 | D:11     | 16121 ||| Stepping randomly (stuck).
 16122 | D:11     | 16122 ||| Stepping randomly (stuck).
 16123 | D:11     | 16123 ||| Stepping randomly (stuck).
 16124 | D:11     | 16124 ||| Stepping randomly (stuck).
 16125 | D:11     | 16125 ||| Stepping randomly (stuck).
 16126 | D:11     | 16126 ||| Stepping randomly (stuck).
 16127 | D:11     | 16127 ||| Stepping randomly (stuck).
 16128 | D:11     | 16128 ||| Stepping randomly (stuck).
 16129 | D:11     | 16129 ||| Stepping randomly (stuck).
 16130 | D:11     | 16130 ||| Stepping randomly (stuck).
 16132 | D:11     | 16132 ||| Stepping randomly (stuck).
 16133 | D:11     | 16133 ||| Stepping randomly (stuck).
 16134 | D:11     | 16134 ||| Stepping randomly (stuck).
 16136 | D:11     | 16136 ||| Stepping randomly (stuck).
 16142 | D:11     | 16142 ||| Stepping randomly (stuck).
 16143 | D:11     | 16143 ||| Stepping randomly (stuck).
 16146 | D:11     | 16146 ||| Stepping randomly (stuck).
 16148 | D:11     | 16148 ||| Stepping randomly (stuck).
 16149 | D:11     | 16149 ||| Stepping randomly (stuck).
 16150 | D:11     | 16150 ||| Stepping randomly (stuck).
 16152 | D:11     | 16152 ||| Stepping randomly (stuck).
 16153 | D:11     | 16153 ||| Stepping randomly (stuck).
 16154 | D:11     | 16154 ||| Stepping randomly (stuck).
 16155 | D:11     | 16155 ||| Stepping randomly (stuck).
 16163 | D:11     | 16163 ||| Stepping randomly (stuck).
 16167 | D:11     | 16167 ||| Stepping randomly (stuck).
 16168 | D:11     | 16168 ||| Stepping randomly (stuck).
 16169 | D:11     | 16169 ||| Stepping randomly (stuck).
 16170 | D:11     | 16170 ||| Stepping randomly (stuck).
 16171 | D:11     | 16171 ||| Stepping randomly (stuck).
 16172 | D:11     | 16172 ||| Stepping randomly (stuck).
 16174 | D:11     | 16174 ||| Stepping randomly (stuck).
 16175 | D:11     | 16175 ||| Stepping randomly (stuck).
 16176 | D:11     | 16176 ||| Stepping randomly (stuck).
 16177 | D:11     | 16177 ||| Stepping randomly (stuck).
 16178 | D:11     | 16178 ||| Stepping randomly (stuck).
 16179 | D:11     | 16179 ||| Stepping randomly (stuck).
 16180 | D:11     | 16180 ||| Stepping randomly (stuck).
 16181 | D:11     | 16181 ||| Stepping randomly (stuck).
 16183 | D:11     | 16183 ||| Stepping randomly (stuck).
 16184 | D:11     | 16184 ||| Stepping randomly (stuck).
 16185 | D:11     | 16185 ||| Stepping randomly (stuck).
 16186 | D:11     | 16186 ||| Stepping randomly (stuck).
 16187 | D:11     | 16187 ||| Stepping randomly (stuck).
 16188 | D:11     | 16188 ||| Stepping randomly (stuck).
 16189 | D:11     | 16189 ||| Stepping randomly (stuck).
 16190 | D:11     | 16190 ||| Stepping randomly (stuck).
 16191 | D:11     | 16191 ||| Stepping randomly (stuck).
 16192 | D:11     | 16192 ||| Stepping randomly (stuck).
 16193 | D:11     | 16193 ||| Stepping randomly (stuck).
 16194 | D:11     | 16194 ||| Stepping randomly (stuck).
 16195 | D:11     | 16195 ||| Stepping randomly (stuck).
 16196 | D:11     | 16196 ||| Stepping randomly (stuck).
 16197 | D:11     | 16197 ||| Stepping randomly (stuck).
 16198 | D:11     | 16198 ||| Stepping randomly (stuck).
 16199 | D:11     | 16199 ||| Stepping randomly (stuck).
 16200 | D:11     | 16200 ||| Stepping randomly (stuck).
 16201 | D:11     | 16201 ||| Stepping randomly (stuck).
 16202 | D:11     | 16202 ||| Stepping randomly (stuck).
 16203 | D:11     | 16203 ||| Stepping randomly (stuck).
 16204 | D:11     | 16204 ||| Stepping randomly (stuck).
 16205 | D:11     | 16205 ||| Stepping randomly (stuck).
 16206 | D:11     | 16206 ||| Stepping randomly (stuck).
 16207 | D:11     | 16207 ||| Stepping randomly (stuck).
 16208 | D:11     | 16208 ||| Stepping randomly (stuck).
 16209 | D:11     | 16209 ||| Stepping randomly (stuck).
 16210 | D:11     | 16210 ||| Stepping randomly (stuck).
 16211 | D:11     | 16211 ||| Stepping randomly (stuck).
 16212 | D:11     | 16212 ||| Stepping randomly (stuck).
 16213 | D:11     | 16213 ||| Stepping randomly (stuck).
 16214 | D:11     | 16214 ||| Stepping randomly (stuck).
 16215 | D:11     | 16215 ||| Stepping randomly (stuck).
 16216 | D:11     | 16216 ||| Stepping randomly (stuck).
 16217 | D:11     | 16217 ||| Stepping randomly (stuck).
 16218 | D:11     | 16218 ||| Stepping randomly (stuck).
 16219 | D:11     | 16219 ||| Stepping randomly (stuck).
 16220 | D:11     | 16220 ||| Stepping randomly (stuck).
 16221 | D:11     | 16221 ||| Stepping randomly (stuck).
 16222 | D:11     | 16222 ||| Stepping randomly (stuck).
 16223 | D:11     | 16223 ||| Stepping randomly (stuck).
 16224 | D:11     | 16224 ||| Stepping randomly (stuck).
 16225 | D:11     | 16225 ||| Stepping randomly (stuck).
 16226 | D:11     | 16226 ||| Stepping randomly (stuck).
 16227 | D:11     | 16227 ||| Stepping randomly (stuck).
 16228 | D:11     | 16228 ||| Stepping randomly (stuck).
 16229 | D:11     | 16229 ||| Stepping randomly (stuck).
 16230 | D:11     | 16230 ||| Stepping randomly (stuck).
 16231 | D:11     | 16231 ||| Stepping randomly (stuck).
 16232 | D:11     | 16232 ||| Stepping randomly (stuck).
 16234 | D:11     | 16234 ||| Stepping randomly (stuck).
 16235 | D:11     | 16235 ||| Stepping randomly (stuck).
 16236 | D:11     | 16236 ||| Stepping randomly (stuck).
 16237 | D:11     | 16237 ||| Stepping randomly (stuck).
 16238 | D:11     | 16238 ||| Stepping randomly (stuck).
 16239 | D:11     | 16239 ||| Stepping randomly (stuck).
 16240 | D:11     | 16240 ||| Stepping randomly (stuck).
 16241 | D:11     | 16241 ||| Stepping randomly (stuck).
 16242 | D:11     | 16242 ||| Stepping randomly (stuck).
 16243 | D:11     | 16243 ||| Stepping randomly (stuck).
 16244 | D:11     | 16244 ||| Stepping randomly (stuck).
 16245 | D:11     | 16245 ||| Stepping randomly (stuck).
 16246 | D:11     | 16246 ||| Stepping randomly (stuck).
 16247 | D:11     | 16247 ||| Stepping randomly (stuck).
 16248 | D:11     | 16248 ||| Stepping randomly (stuck).
 16249 | D:11     | 16249 ||| Stepping randomly (stuck).
 16250 | D:11     | 16250 ||| Stepping randomly (stuck).
 16251 | D:11     | 16251 ||| Stepping randomly (stuck).
 16252 | D:11     | 16252 ||| Stepping randomly (stuck).
 16253 | D:11     | 16253 ||| Stepping randomly (stuck).
 16254 | D:11     | 16254 ||| Stepping randomly (stuck).
 16255 | D:11     | 16255 ||| Stepping randomly (stuck).
 16256 | D:11     | 16256 ||| Stepping randomly (stuck).
 16257 | D:11     | 16257 ||| Stepping randomly (stuck).
 16258 | D:11     | 16258 ||| Stepping randomly (stuck).
 16259 | D:11     | 16259 ||| Stepping randomly (stuck).
 16260 | D:11     | 16260 ||| Stepping randomly (stuck).
 16261 | D:11     | 16261 ||| Stepping randomly (stuck).
 16262 | D:11     | 16262 ||| Stepping randomly (stuck).
 16263 | D:11     | 16263 ||| Stepping randomly (stuck).
 16264 | D:11     | 16264 ||| Stepping randomly (stuck).
 16265 | D:11     | 16265 ||| Stepping randomly (stuck).
 16266 | D:11     | 16266 ||| Stepping randomly (stuck).
 16267 | D:11     | 16267 ||| Stepping randomly (stuck).
 16268 | D:11     | 16268 ||| Stepping randomly (stuck).
 16269 | D:11     | 16269 ||| Stepping randomly (stuck).
 16270 | D:11     | 16270 ||| Stepping randomly (stuck).
 16271 | D:11     | 16271 ||| Stepping randomly (stuck).
 16272 | D:11     | 16272 ||| Stepping randomly (stuck).
 16273 | D:11     | 16273 ||| Stepping randomly (stuck).
 16274 | D:11     | 16274 ||| Stepping randomly (stuck).
 16275 | D:11     | 16275 ||| Stepping randomly (stuck).
 16276 | D:11     | 16276 ||| Stepping randomly (stuck).
 16277 | D:11     | 16277 ||| Stepping randomly (stuck).
 16278 | D:11     | 16278 ||| Stepping randomly (stuck).
 16279 | D:11     | 16279 ||| Stepping randomly (stuck).
 16280 | D:11     | 16280 ||| Stepping randomly (stuck).
 16281 | D:11     | 16281 ||| Stepping randomly (stuck).
 16282 | D:11     | 16282 ||| Stepping randomly (stuck).
 16283 | D:11     | 16283 ||| Stepping randomly (stuck).
 16284 | D:11     | 16284 ||| Stepping randomly (stuck).
 16285 | D:11     | 16285 ||| Stepping randomly (stuck).
 16286 | D:11     | 16286 ||| Stepping randomly (stuck).
 16287 | D:11     | 16287 ||| Stepping randomly (stuck).
 16288 | D:11     | 16288 ||| Stepping randomly (stuck).
 16290 | D:11     | 16290 ||| Stepping randomly (stuck).
 16291 | D:11     | 16291 ||| Stepping randomly (stuck).
 16292 | D:11     | 16292 ||| Stepping randomly (stuck).
 16293 | D:11     | 16293 ||| Stepping randomly (stuck).
 16295 | D:11     | 16295 ||| Stepping randomly (stuck).
 16296 | D:11     | 16296 ||| Stepping randomly (stuck).
 16297 | D:11     | 16297 ||| Stepping randomly (stuck).
 16298 | D:11     | 16298 ||| Stepping randomly (stuck).
 16299 | D:11     | 16299 ||| Stepping randomly (stuck).
 16300 | D:11     | 16300 ||| Stepping randomly (stuck).
 16301 | D:11     | 16301 ||| Stepping randomly (stuck).
 16302 | D:11     | 16302 ||| Stepping randomly (stuck).
 16303 | D:11     | 16303 ||| Stepping randomly (stuck).
 16304 | D:11     | 16304 ||| Stepping randomly (stuck).
 16305 | D:11     | 16305 ||| Stepping randomly (stuck).
 16306 | D:11     | 16306 ||| Stepping randomly (stuck).
 16307 | D:11     | 16307 ||| Stepping randomly (stuck).
 16309 | D:11     | 16309 ||| Stepping randomly (stuck).
 16310 | D:11     | 16310 ||| Stepping randomly (stuck).
 16312 | D:11     | 16312 ||| Stepping randomly (stuck).
 16314 | D:11     | 16314 ||| Stepping randomly (stuck).
 16316 | D:11     | 16316 ||| Stepping randomly (stuck).
 16317 | D:11     | 16317 ||| Stepping randomly (stuck).
 16318 | D:11     | 16318 ||| Stepping randomly (stuck).
 16319 | D:11     | 16319 ||| Stepping randomly (stuck).
 16320 | D:11     | 16320 ||| Stepping randomly (stuck).
 16321 | D:11     | 16321 ||| Stepping randomly (stuck).
 16322 | D:11     | 16322 ||| Stepping randomly (stuck).
 16323 | D:11     | 16323 ||| Stepping randomly (stuck).
 16324 | D:11     | 16324 ||| Stepping randomly (stuck).
 16325 | D:11     | 16325 ||| Stepping randomly (stuck).
 16326 | D:11     | 16326 ||| Stepping randomly (stuck).
 16327 | D:11     | 16327 ||| Stepping randomly (stuck).
 16328 | D:11     | 16328 ||| Stepping randomly (stuck).
 16329 | D:11     | 16329 ||| Stepping randomly (stuck).
 16330 | D:11     | 16330 ||| Stepping randomly (stuck).
 16331 | D:11     | 16331 ||| Stepping randomly (stuck).
 16332 | D:11     | 16332 ||| Stepping randomly (stuck).
 16333 | D:11     | 16333 ||| Stepping randomly (stuck).
 16334 | D:11     | 16334 ||| Stepping randomly (stuck).
 16335 | D:11     | 16335 ||| Stepping randomly (stuck).
 16336 | D:11     | 16336 ||| Stepping randomly (stuck).
 16337 | D:11     | 16337 ||| Stepping randomly (stuck).
 16338 | D:11     | 16338 ||| Stepping randomly (stuck).
 16339 | D:11     | 16339 ||| Stepping randomly (stuck).
 16340 | D:11     | 16340 ||| Stepping randomly (stuck).
 16341 | D:11     | 16341 ||| Stepping randomly (stuck).
 16342 | D:11     | 16342 ||| Stepping randomly (stuck).
 16344 | D:11     | 16344 ||| Stepping randomly (stuck).
 16345 | D:11     | 16345 ||| Stepping randomly (stuck).
 16346 | D:11     | 16346 ||| Stepping randomly (stuck).
 16348 | D:11     | 16348 ||| Stepping randomly (stuck).
 16350 | D:11     | 16350 ||| Stepping randomly (stuck).
 16352 | D:11     | 16352 ||| Stepping randomly (stuck).
 16354 | D:11     | 16354 ||| Stepping randomly (stuck).
 16355 | D:11     | 16355 ||| Stepping randomly (stuck).
 16356 | D:11     | 16356 ||| Stepping randomly (stuck).
 16357 | D:11     | 16357 ||| Stepping randomly (stuck).
 16358 | D:11     | 16358 ||| Stepping randomly (stuck).
 16359 | D:11     | 16359 ||| Stepping randomly (stuck).
 16360 | D:11     | 16360 ||| Stepping randomly (stuck).
 16361 | D:11     | 16361 ||| Stepping randomly (stuck).
 16362 | D:11     | 16362 ||| Stepping randomly (stuck).
 16364 | D:11     | 16364 ||| Stepping randomly (stuck).
 16365 | D:11     | 16365 ||| Stepping randomly (stuck).
 16366 | D:11     | 16366 ||| Stepping randomly (stuck).
 16367 | D:11     | 16367 ||| Stepping randomly (stuck).
 16368 | D:11     | 16368 ||| Stepping randomly (stuck).
 16369 | D:11     | 16369 ||| Stepping randomly (stuck).
 16370 | D:11     | 16370 ||| Stepping randomly (stuck).
 16371 | D:11     | 16371 ||| Stepping randomly (stuck).
 16372 | D:11     | 16372 ||| Stepping randomly (stuck).
 16373 | D:11     | 16373 ||| Stepping randomly (stuck).
 16374 | D:11     | 16374 ||| Stepping randomly (stuck).
 16375 | D:11     | 16375 ||| Stepping randomly (stuck).
 16376 | D:11     | 16376 ||| Stepping randomly (stuck).
 16377 | D:11     | 16377 ||| Stepping randomly (stuck).
 16378 | D:11     | 16378 ||| Stepping randomly (stuck).
 16379 | D:11     | 16379 ||| Stepping randomly (stuck).
 16380 | D:11     | 16380 ||| Stepping randomly (stuck).
 16381 | D:11     | 16381 ||| Stepping randomly (stuck).
 16382 | D:11     | 16382 ||| Stepping randomly (stuck).
 16383 | D:11     | 16383 ||| Stepping randomly (stuck).
 16384 | D:11     | 16384 ||| Stepping randomly (stuck).
 16385 | D:11     | 16385 ||| Stepping randomly (stuck).
 16386 | D:11     | 16386 ||| Stepping randomly (stuck).
 16387 | D:11     | 16387 ||| Stepping randomly (stuck).
 16389 | D:11     | 16389 ||| Stepping randomly (stuck).
 16391 | D:11     | 16391 ||| Stepping randomly (stuck).
 16392 | D:11     | 16392 ||| Stepping randomly (stuck).
 16393 | D:11     | 16393 ||| Stepping randomly (stuck).
 16394 | D:11     | 16394 ||| Stepping randomly (stuck).
 16395 | D:11     | 16395 ||| Stepping randomly (stuck).
 16396 | D:11     | 16396 ||| Stepping randomly (stuck).
 16397 | D:11     | 16397 ||| Stepping randomly (stuck).
 16398 | D:11     | 16398 ||| Stepping randomly (stuck).
 16399 | D:11     | 16399 ||| Stepping randomly (stuck).
 16401 | D:11     | 16401 ||| Stepping randomly (stuck).
 16402 | D:11     | 16402 ||| Stepping randomly (stuck).
 16404 | D:11     | 16404 ||| Stepping randomly (stuck).
 16406 | D:11     | 16406 ||| Stepping randomly (stuck).
 16407 | D:11     | 16407 ||| Stepping randomly (stuck).
 16408 | D:11     | 16408 ||| Stepping randomly (stuck).
 16409 | D:11     | 16409 ||| Stepping randomly (stuck).
 16410 | D:11     | 16410 ||| Stepping randomly (stuck).
 16411 | D:11     | 16411 ||| Stepping randomly (stuck).
 16412 | D:11     | 16412 ||| Stepping randomly (stuck).
 16413 | D:11     | 16413 ||| Stepping randomly (stuck).
 16414 | D:11     | 16414 ||| Stepping randomly (stuck).
 16415 | D:11     | 16415 ||| Stepping randomly (stuck).
 16416 | D:11     | 16416 ||| Stepping randomly (stuck).
 16417 | D:11     | 16417 ||| Stepping randomly (stuck).
 16418 | D:11     | 16418 ||| Stepping randomly (stuck).
 16419 | D:11     | 16419 ||| Stepping randomly (stuck).
 16420 | D:11     | 16420 ||| Stepping randomly (stuck).
 16421 | D:11     | 16421 ||| Stepping randomly (stuck).
 16422 | D:11     | 16422 ||| Stepping randomly (stuck).
 16423 | D:11     | 16423 ||| Stepping randomly (stuck).
 16424 | D:11     | 16424 ||| Stepping randomly (stuck).
 16425 | D:11     | 16425 ||| Stepping randomly (stuck).
 16426 | D:11     | 16426 ||| Stepping randomly (stuck).
 16427 | D:11     | 16427 ||| Stepping randomly (stuck).
 16428 | D:11     | 16428 ||| Stepping randomly (stuck).
 16430 | D:11     | 16430 ||| Stepping randomly (stuck).
 16431 | D:11     | 16431 ||| Stepping randomly (stuck).
 16432 | D:11     | 16432 ||| Stepping randomly (stuck).
 16433 | D:11     | 16433 ||| Stepping randomly (stuck).
 16434 | D:11     | 16434 ||| Stepping randomly (stuck).
 16435 | D:11     | 16435 ||| Stepping randomly (stuck).
 16437 | D:11     | 16437 ||| Stepping randomly (stuck).
 16438 | D:11     | 16438 ||| Stepping randomly (stuck).
 16440 | D:11     | 16440 ||| Stepping randomly (stuck).
 16441 | D:11     | 16441 ||| Stepping randomly (stuck).
 16442 | D:11     | 16442 ||| Stepping randomly (stuck).
 16443 | D:11     | 16443 ||| Stepping randomly (stuck).
 16444 | D:11     | 16444 ||| Stepping randomly (stuck).
 16445 | D:11     | 16445 ||| Stepping randomly (stuck).
 16447 | D:11     | 16447 ||| Stepping randomly (stuck).
 16448 | D:11     | 16448 ||| Stepping randomly (stuck).
 16449 | D:11     | 16449 ||| Stepping randomly (stuck).
 16450 | D:11     | 16450 ||| Stepping randomly (stuck).
 16452 | D:11     | 16452 ||| Stepping randomly (stuck).
 16453 | D:11     | 16453 ||| Stepping randomly (stuck).
 16455 | D:11     | 16455 ||| Stepping randomly (stuck).
 16456 | D:11     | 16456 ||| Stepping randomly (stuck).
 16457 | D:11     | 16457 ||| Stepping randomly (stuck).
 16458 | D:11     | 16458 ||| Stepping randomly (stuck).
 16459 | D:11     | 16459 ||| Stepping randomly (stuck).
 16460 | D:11     | 16460 ||| Stepping randomly (stuck).
 16461 | D:11     | 16461 ||| Stepping randomly (stuck).
 16462 | D:11     | 16462 ||| Stepping randomly (stuck).
 16463 | D:11     | 16463 ||| Stepping randomly (stuck).
 16464 | D:11     | 16464 ||| Stepping randomly (stuck).
 16465 | D:11     | 16465 ||| Stepping randomly (stuck).
 16466 | D:11     | 16466 ||| Stepping randomly (stuck).
 16467 | D:11     | 16467 ||| Stepping randomly (stuck).
 16468 | D:11     | 16468 ||| Stepping randomly (stuck).
 16469 | D:11     | 16469 ||| Stepping randomly (stuck).
 16470 | D:11     | 16470 ||| Stepping randomly (stuck).
 16471 | D:11     | 16471 ||| Stepping randomly (stuck).
 16472 | D:11     | 16472 ||| Stepping randomly (stuck).
 16473 | D:11     | 16473 ||| Stepping randomly (stuck).
 16474 | D:11     | 16474 ||| Stepping randomly (stuck).
 16475 | D:11     | 16475 ||| Stepping randomly (stuck).
 16476 | D:11     | 16476 ||| Stepping randomly (stuck).
 16477 | D:11     | 16477 ||| Stepping randomly (stuck).
 16478 | D:11     | 16478 ||| Stepping randomly (stuck).
 16479 | D:11     | 16479 ||| Stepping randomly (stuck).
 16480 | D:11     | 16480 ||| Stepping randomly (stuck).
 16481 | D:11     | 16481 ||| Stepping randomly (stuck).
 16482 | D:11     | 16482 ||| Stepping randomly (stuck).
 16483 | D:11     | 16483 ||| Stepping randomly (stuck).
 16484 | D:11     | 16484 ||| Stepping randomly (stuck).
 16485 | D:11     | 16485 ||| Stepping randomly (stuck).
 16486 | D:11     | 16486 ||| Stepping randomly (stuck).
 16487 | D:11     | 16487 ||| Stepping randomly (stuck).
 16488 | D:11     | 16488 ||| Stepping randomly (stuck).
 16489 | D:11     | 16489 ||| Stepping randomly (stuck).
 16490 | D:11     | 16490 ||| Stepping randomly (stuck).
 16491 | D:11     | 16491 ||| Stepping randomly (stuck).
 16492 | D:11     | 16492 ||| Stepping randomly (stuck).
 16493 | D:11     | 16493 ||| Stepping randomly (stuck).
 16494 | D:11     | 16494 ||| Stepping randomly (stuck).
 16495 | D:11     | 16495 ||| Stepping randomly (stuck).
 16496 | D:11     | 16496 ||| Stepping randomly (stuck).
 16497 | D:11     | 16497 ||| Stepping randomly (stuck).
 16498 | D:11     | 16498 ||| Stepping randomly (stuck).
 16499 | D:11     | 16499 ||| Stepping randomly (stuck).
 16500 | D:11     | 16500 ||| Stepping randomly (stuck).
 16501 | D:11     | 16501 ||| Stepping randomly (stuck).
 16502 | D:11     | 16502 ||| Stepping randomly (stuck).
 16503 | D:11     | 16503 ||| Stepping randomly (stuck).
 16504 | D:11     | 16504 ||| Stepping randomly (stuck).
 16505 | D:11     | 16505 ||| Stepping randomly (stuck).
 16506 | D:11     | 16506 ||| Stepping randomly (stuck).
 16507 | D:11     | 16507 ||| Stepping randomly (stuck).
 16509 | D:11     | 16509 ||| Stepping randomly (stuck).
 16510 | D:11     | 16510 ||| Stepping randomly (stuck).
 16511 | D:11     | 16511 ||| Stepping randomly (stuck).
 16512 | D:11     | 16512 ||| Stepping randomly (stuck).
 16513 | D:11     | 16513 ||| Stepping randomly (stuck).
 16514 | D:11     | 16514 ||| Stepping randomly (stuck).
 16515 | D:11     | 16515 ||| Stepping randomly (stuck).
 16516 | D:11     | 16516 ||| Stepping randomly (stuck).
 16517 | D:11     | 16517 ||| Stepping randomly (stuck).
 16518 | D:11     | 16518 ||| Stepping randomly (stuck).
 16519 | D:11     | 16519 ||| Stepping randomly (stuck).
 16520 | D:11     | 16520 ||| Stepping randomly (stuck).
 16521 | D:11     | 16521 ||| Stepping randomly (stuck).
 16523 | D:11     | 16523 ||| Stepping randomly (stuck).
 16525 | D:11     | 16525 ||| Stepping randomly (stuck).
 16527 | D:11     | 16527 ||| Stepping randomly (stuck).
 16529 | D:11     | 16529 ||| Stepping randomly (stuck).
 16530 | D:11     | 16530 ||| Stepping randomly (stuck).
 16531 | D:11     | 16531 ||| Stepping randomly (stuck).
 16532 | D:11     | 16532 ||| Stepping randomly (stuck).
 16534 | D:11     | 16534 ||| Stepping randomly (stuck).
 16535 | D:11     | 16535 ||| Stepping randomly (stuck).
 16536 | D:11     | 16536 ||| Stepping randomly (stuck).
 16537 | D:11     | 16537 ||| Stepping randomly (stuck).
 16538 | D:11     | 16538 ||| Stepping randomly (stuck).
 16539 | D:11     | 16539 ||| Stepping randomly (stuck).
 16540 | D:11     | 16540 ||| Stepping randomly (stuck).
 16541 | D:11     | 16541 ||| Stepping randomly (stuck).
 16542 | D:11     | 16542 ||| Stepping randomly (stuck).
 16543 | D:11     | 16543 ||| Stepping randomly (stuck).
 16544 | D:11     | 16544 ||| Stepping randomly (stuck).
 16545 | D:11     | 16545 ||| Stepping randomly (stuck).
 16546 | D:11     | 16546 ||| Stepping randomly (stuck).
 16547 | D:11     | 16547 ||| Stepping randomly (stuck).
 16548 | D:11     | 16548 ||| Stepping randomly (stuck).
 16549 | D:11     | 16549 ||| Stepping randomly (stuck).
 16550 | D:11     | 16550 ||| Stepping randomly (stuck).
 16551 | D:11     | 16551 ||| Stepping randomly (stuck).
 16552 | D:11     | 16552 ||| Stepping randomly (stuck).
 16553 | D:11     | 16553 ||| Stepping randomly (stuck).
 16554 | D:11     | 16554 ||| Stepping randomly (stuck).
 16555 | D:11     | 16555 ||| Stepping randomly (stuck).
 16556 | D:11     | 16556 ||| Stepping randomly (stuck).
 16558 | D:11     | 16558 ||| Stepping randomly (stuck).
 16560 | D:11     | 16560 ||| Stepping randomly (stuck).
 16561 | D:11     | 16561 ||| Stepping randomly (stuck).
 16562 | D:11     | 16562 ||| Stepping randomly (stuck).
 16563 | D:11     | 16563 ||| Stepping randomly (stuck).
 16564 | D:11     | 16564 ||| Stepping randomly (stuck).
 16565 | D:11     | 16565 ||| Stepping randomly (stuck).
 16566 | D:11     | 16566 ||| Stepping randomly (stuck).
 16567 | D:11     | 16567 ||| Stepping randomly (stuck).
 16568 | D:11     | 16568 ||| Stepping randomly (stuck).
 16569 | D:11     | 16569 ||| Stepping randomly (stuck).
 16570 | D:11     | 16570 ||| Stepping randomly (stuck).
 16571 | D:11     | 16571 ||| Stepping randomly (stuck).
 16572 | D:11     | 16572 ||| Stepping randomly (stuck).
 16573 | D:11     | 16573 ||| Stepping randomly (stuck).
 16574 | D:11     | 16574 ||| Stepping randomly (stuck).
 16575 | D:11     | 16575 ||| Stepping randomly (stuck).
 16576 | D:11     | 16576 ||| Stepping randomly (stuck).
 16577 | D:11     | 16577 ||| Stepping randomly (stuck).
 16578 | D:11     | 16578 ||| Stepping randomly (stuck).
 16579 | D:11     | 16579 ||| Stepping randomly (stuck).
 16580 | D:11     | 16580 ||| Stepping randomly (stuck).
 16582 | D:11     | 16582 ||| Stepping randomly (stuck).
 16583 | D:11     | 16583 ||| Stepping randomly (stuck).
 16585 | D:11     | 16585 ||| Stepping randomly (stuck).
 16586 | D:11     | 16586 ||| Stepping randomly (stuck).
 16587 | D:11     | 16587 ||| Stepping randomly (stuck).
 16588 | D:11     | 16588 ||| Stepping randomly (stuck).
 16589 | D:11     | 16589 ||| Stepping randomly (stuck).
 16590 | D:11     | 16590 ||| Stepping randomly (stuck).
 16591 | D:11     | 16591 ||| Stepping randomly (stuck).
 16592 | D:11     | 16592 ||| Stepping randomly (stuck).
 16593 | D:11     | 16593 ||| Stepping randomly (stuck).
 16594 | D:11     | 16594 ||| Stepping randomly (stuck).
 16595 | D:11     | 16595 ||| Stepping randomly (stuck).
 16596 | D:11     | 16596 ||| Stepping randomly (stuck).
 16597 | D:11     | 16597 ||| Stepping randomly (stuck).
 16598 | D:11     | 16598 ||| Stepping randomly (stuck).
 16599 | D:11     | 16599 ||| Stepping randomly (stuck).
 16600 | D:11     | 16600 ||| Stepping randomly (stuck).
 16601 | D:11     | 16601 ||| Stepping randomly (stuck).
 16602 | D:11     | 16602 ||| Stepping randomly (stuck).
 16603 | D:11     | 16603 ||| Stepping randomly (stuck).
 16604 | D:11     | 16604 ||| Stepping randomly (stuck).
 16605 | D:11     | 16605 ||| Stepping randomly (stuck).
 16606 | D:11     | 16606 ||| Stepping randomly (stuck).
 16607 | D:11     | 16607 ||| Stepping randomly (stuck).
 16608 | D:11     | 16608 ||| Stepping randomly (stuck).
 16609 | D:11     | 16609 ||| Stepping randomly (stuck).
 16610 | D:11     | 16610 ||| Stepping randomly (stuck).
 16611 | D:11     | 16611 ||| Stepping randomly (stuck).
 16612 | D:11     | 16612 ||| Stepping randomly (stuck).
 16613 | D:11     | 16613 ||| Stepping randomly (stuck).
 16615 | D:11     | 16615 ||| Stepping randomly (stuck).
 16616 | D:11     | 16616 ||| Stepping randomly (stuck).
 16617 | D:11     | 16617 ||| Stepping randomly (stuck).
 16618 | D:11     | 16618 ||| Stepping randomly (stuck).
 16619 | D:11     | 16619 ||| Stepping randomly (stuck).
 16620 | D:11     | 16620 ||| Stepping randomly (stuck).
 16621 | D:11     | 16621 ||| Stepping randomly (stuck).
 16622 | D:11     | 16622 ||| Stepping randomly (stuck).
 16623 | D:11     | 16623 ||| Stepping randomly (stuck).
 16624 | D:11     | 16624 ||| Stepping randomly (stuck).
 16625 | D:11     | 16625 ||| Stepping randomly (stuck).
 16626 | D:11     | 16626 ||| Stepping randomly (stuck).
 16627 | D:11     | 16627 ||| Stepping randomly (stuck).
 16628 | D:11     | 16628 ||| Stepping randomly (stuck).
 16629 | D:11     | 16629 ||| Stepping randomly (stuck).
 16630 | D:11     | 16630 ||| Stepping randomly (stuck).
 16631 | D:11     | 16631 ||| Stepping randomly (stuck).
 16632 | D:11     | 16632 ||| Stepping randomly (stuck).
 16633 | D:11     | 16633 ||| Stepping randomly (stuck).
 16634 | D:11     | 16634 ||| Stepping randomly (stuck).
 16635 | D:11     | 16635 ||| Stepping randomly (stuck).
 16636 | D:11     | 16636 ||| Stepping randomly (stuck).
 16637 | D:11     | 16637 ||| Stepping randomly (stuck).
 16639 | D:11     | 16639 ||| Stepping randomly (stuck).
 16640 | D:11     | 16640 ||| Stepping randomly (stuck).
 16641 | D:11     | 16641 ||| Stepping randomly (stuck).
 16642 | D:11     | 16642 ||| Stepping randomly (stuck).
 16643 | D:11     | 16643 ||| Stepping randomly (stuck).
 16644 | D:11     | 16644 ||| Stepping randomly (stuck).
 16645 | D:11     | 16645 ||| Stepping randomly (stuck).
 16646 | D:11     | 16646 ||| Stepping randomly (stuck).
 16647 | D:11     | 16647 ||| Stepping randomly (stuck).
 16648 | D:11     | 16648 ||| Stepping randomly (stuck).
 16649 | D:11     | 16649 ||| Stepping randomly (stuck).
 16650 | D:11     | 16650 ||| Stepping randomly (stuck).
 16651 | D:11     | 16651 ||| Stepping randomly (stuck).
 16652 | D:11     | 16652 ||| Stepping randomly (stuck).
 16653 | D:11     | 16653 ||| Stepping randomly (stuck).
 16654 | D:11     | 16654 ||| Stepping randomly (stuck).
 16655 | D:11     | 16655 ||| Stepping randomly (stuck).
 16656 | D:11     | 16656 ||| Stepping randomly (stuck).
 16657 | D:11     | 16657 ||| Stepping randomly (stuck).
 16658 | D:11     | 16658 ||| Stepping randomly (stuck).
 16659 | D:11     | 16659 ||| Stepping randomly (stuck).
 16660 | D:11     | 16660 ||| Stepping randomly (stuck).
 16662 | D:11     | 16662 ||| Stepping randomly (stuck).
 16663 | D:11     | 16663 ||| Stepping randomly (stuck).
 16664 | D:11     | 16664 ||| Stepping randomly (stuck).
 16665 | D:11     | 16665 ||| Stepping randomly (stuck).
 16667 | D:11     | 16667 ||| Stepping randomly (stuck).
 16668 | D:11     | 16668 ||| Stepping randomly (stuck).
 16669 | D:11     | 16669 ||| Stepping randomly (stuck).
 16670 | D:11     | 16670 ||| Stepping randomly (stuck).
 16671 | D:11     | 16671 ||| Stepping randomly (stuck).
 16672 | D:11     | 16672 ||| Stepping randomly (stuck).
 16673 | D:11     | 16673 ||| Stepping randomly (stuck).
 16674 | D:11     | 16674 ||| Stepping randomly (stuck).
 16675 | D:11     | 16675 ||| Stepping randomly (stuck).
 16676 | D:11     | 16676 ||| Stepping randomly (stuck).
 16677 | D:11     | 16677 ||| Stepping randomly (stuck).
 16678 | D:11     | 16678 ||| Stepping randomly (stuck).
 16679 | D:11     | 16679 ||| Stepping randomly (stuck).
 16680 | D:11     | 16680 ||| Stepping randomly (stuck).
 16681 | D:11     | 16681 ||| Stepping randomly (stuck).
 16682 | D:11     | 16682 ||| Stepping randomly (stuck).
 16683 | D:11     | 16683 ||| Stepping randomly (stuck).
 16684 | D:11     | 16684 ||| Stepping randomly (stuck).
 16685 | D:11     | 16685 ||| Stepping randomly (stuck).
 16686 | D:11     | 16686 ||| Stepping randomly (stuck).
 16688 | D:11     | 16688 ||| Stepping randomly (stuck).
 16689 | D:11     | 16689 ||| Stepping randomly (stuck).
 16690 | D:11     | 16690 ||| Stepping randomly (stuck).
 16691 | D:11     | 16691 ||| Stepping randomly (stuck).
 16693 | D:11     | 16693 ||| Stepping randomly (stuck).
 16695 | D:11     | 16695 ||| Stepping randomly (stuck).
 16696 | D:11     | 16696 ||| Stepping randomly (stuck).
 16697 | D:11     | 16697 ||| Stepping randomly (stuck).
 16698 | D:11     | 16698 ||| Stepping randomly (stuck).
 16699 | D:11     | 16699 ||| Stepping randomly (stuck).
 16700 | D:11     | 16700 ||| Stepping randomly (stuck).
 16701 | D:11     | 16701 ||| Stepping randomly (stuck).
 16702 | D:11     | 16702 ||| Stepping randomly (stuck).
 16703 | D:11     | 16703 ||| Stepping randomly (stuck).
 16704 | D:11     | 16704 ||| Stepping randomly (stuck).
 16705 | D:11     | 16705 ||| Stepping randomly (stuck).
 16706 | D:11     | 16706 ||| Stepping randomly (stuck).
 16707 | D:11     | 16707 ||| Stepping randomly (stuck).
 16708 | D:11     | 16708 ||| Stepping randomly (stuck).
 16709 | D:11     | 16709 ||| Stepping randomly (stuck).
 16710 | D:11     | 16710 ||| Stepping randomly (stuck).
 16711 | D:11     | 16711 ||| Stepping randomly (stuck).
 16712 | D:11     | 16712 ||| Stepping randomly (stuck).
 16713 | D:11     | 16713 ||| Stepping randomly (stuck).
 16714 | D:11     | 16714 ||| Stepping randomly (stuck).
 16715 | D:11     | 16715 ||| Stepping randomly (stuck).
 16716 | D:11     | 16716 ||| Stepping randomly (stuck).
 16717 | D:11     | 16717 ||| Stepping randomly (stuck).
 16718 | D:11     | 16718 ||| Stepping randomly (stuck).
 16719 | D:11     | 16719 ||| Stepping randomly (stuck).
 16720 | D:11     | 16720 ||| Stepping randomly (stuck).
 16722 | D:11     | 16722 ||| Stepping randomly (stuck).
 16723 | D:11     | 16723 ||| Stepping randomly (stuck).
 16724 | D:11     | 16724 ||| Stepping randomly (stuck).
 16725 | D:11     | 16725 ||| Stepping randomly (stuck).
 16726 | D:11     | 16726 ||| Stepping randomly (stuck).
 16727 | D:11     | 16727 ||| Stepping randomly (stuck).
 16728 | D:11     | 16728 ||| Stepping randomly (stuck).
 16729 | D:11     | 16729 ||| Stepping randomly (stuck).
 16730 | D:11     | 16730 ||| Stepping randomly (stuck).
 16731 | D:11     | 16731 ||| Stepping randomly (stuck).
 16732 | D:11     | 16732 ||| Stepping randomly (stuck).
 16733 | D:11     | 16733 ||| Stepping randomly (stuck).
 16734 | D:11     | 16734 ||| Stepping randomly (stuck).
 16735 | D:11     | 16735 ||| Stepping randomly (stuck).
 16736 | D:11     | 16736 ||| Stepping randomly (stuck).
 16737 | D:11     | 16737 ||| Stepping randomly (stuck).
 16738 | D:11     | 16738 ||| Stepping randomly (stuck).
 16739 | D:11     | 16739 ||| Stepping randomly (stuck).
 16740 | D:11     | 16740 ||| Stepping randomly (stuck).
 16741 | D:11     | 16741 ||| Stepping randomly (stuck).
 16742 | D:11     | 16742 ||| Stepping randomly (stuck).
 16743 | D:11     | 16743 ||| Stepping randomly (stuck).
 16745 | D:11     | 16745 ||| Stepping randomly (stuck).
 16746 | D:11     | 16746 ||| Stepping randomly (stuck).
 16747 | D:11     | 16747 ||| Stepping randomly (stuck).
 16748 | D:11     | 16748 ||| Stepping randomly (stuck).
 16749 | D:11     | 16749 ||| Stepping randomly (stuck).
 16750 | D:11     | 16750 ||| Stepping randomly (stuck).
 16751 | D:11     | 16751 ||| Stepping randomly (stuck).
 16752 | D:11     | 16752 ||| Stepping randomly (stuck).
 16753 | D:11     | 16753 ||| Stepping randomly (stuck).
 16754 | D:11     | 16754 ||| Stepping randomly (stuck).
 16755 | D:11     | 16755 ||| Stepping randomly (stuck).
 16756 | D:11     | 16756 ||| Stepping randomly (stuck).
 16757 | D:11     | 16757 ||| Stepping randomly (stuck).
 16758 | D:11     | 16758 ||| Stepping randomly (stuck).
 16759 | D:11     | 16759 ||| Stepping randomly (stuck).
 16760 | D:11     | 16760 ||| Stepping randomly (stuck).
 16761 | D:11     | 16761 ||| Stepping randomly (stuck).
 16762 | D:11     | 16762 ||| Stepping randomly (stuck).
 16763 | D:11     | 16763 ||| Stepping randomly (stuck).
 16764 | D:11     | 16764 ||| Stepping randomly (stuck).
 16765 | D:11     | 16765 ||| Stepping randomly (stuck).
 16766 | D:11     | 16766 ||| Stepping randomly (stuck).
 16767 | D:11     | 16767 ||| Stepping randomly (stuck).
 16768 | D:11     | 16768 ||| Stepping randomly (stuck).
 16770 | D:11     | 16770 ||| Stepping randomly (stuck).
 16772 | D:11     | 16772 ||| Stepping randomly (stuck).
 16773 | D:11     | 16773 ||| Stepping randomly (stuck).
 16774 | D:11     | 16774 ||| Stepping randomly (stuck).
 16775 | D:11     | 16775 ||| Stepping randomly (stuck).
 16776 | D:11     | 16776 ||| Stepping randomly (stuck).
 16777 | D:11     | 16777 ||| Stepping randomly (stuck).
 16778 | D:11     | 16778 ||| Stepping randomly (stuck).
 16779 | D:11     | 16779 ||| Stepping randomly (stuck).
 16780 | D:11     | 16780 ||| Stepping randomly (stuck).
 16781 | D:11     | 16781 ||| Stepping randomly (stuck).
 16782 | D:11     | 16782 ||| Stepping randomly (stuck).
 16783 | D:11     | 16783 ||| Stepping randomly (stuck).
 16784 | D:11     | 16784 ||| Stepping randomly (stuck).
 16785 | D:11     | 16785 ||| Stepping randomly (stuck).
 16786 | D:11     | 16786 ||| Stepping randomly (stuck).
 16787 | D:11     | 16787 ||| Stepping randomly (stuck).
 16789 | D:11     | 16789 ||| Stepping randomly (stuck).
 16791 | D:11     | 16791 ||| Stepping randomly (stuck).
 16792 | D:11     | 16792 ||| Stepping randomly (stuck).
 16793 | D:11     | 16793 ||| Stepping randomly (stuck).
 16794 | D:11     | 16794 ||| Stepping randomly (stuck).
 16795 | D:11     | 16795 ||| Stepping randomly (stuck).
 16796 | D:11     | 16796 ||| Stepping randomly (stuck).
 16797 | D:11     | 16797 ||| Stepping randomly (stuck).
 16798 | D:11     | 16798 ||| Stepping randomly (stuck).
 16799 | D:11     | 16799 ||| Stepping randomly (stuck).
 16800 | D:11     | 16800 ||| Stepping randomly (stuck).
 16801 | D:11     | 16801 ||| Stepping randomly (stuck).
 16802 | D:11     | 16802 ||| Stepping randomly (stuck).
 16803 | D:11     | 16803 ||| Stepping randomly (stuck).
 16804 | D:11     | 16804 ||| Stepping randomly (stuck).
 16805 | D:11     | 16805 ||| Stepping randomly (stuck).
 16806 | D:11     | 16806 ||| Stepping randomly (stuck).
 16807 | D:11     | 16807 ||| Stepping randomly (stuck).
 16808 | D:11     | 16808 ||| Stepping randomly (stuck).
 16809 | D:11     | 16809 ||| Stepping randomly (stuck).
 16810 | D:11     | 16810 ||| Stepping randomly (stuck).
 16811 | D:11     | 16811 ||| Stepping randomly (stuck).
 16812 | D:11     | 16812 ||| Stepping randomly (stuck).
 16813 | D:11     | 16813 ||| Stepping randomly (stuck).
 16814 | D:11     | 16814 ||| Stepping randomly (stuck).
 16815 | D:11     | 16815 ||| Stepping randomly (stuck).
 16816 | D:11     | 16816 ||| Stepping randomly (stuck).
 16817 | D:11     | 16817 ||| Stepping randomly (stuck).
 16818 | D:11     | 16818 ||| Stepping randomly (stuck).
 16819 | D:11     | 16819 ||| Stepping randomly (stuck).
 16820 | D:11     | 16820 ||| Stepping randomly (stuck).
 16821 | D:11     | 16821 ||| Stepping randomly (stuck).
 16822 | D:11     | 16822 ||| Stepping randomly (stuck).
 16823 | D:11     | 16823 ||| Stepping randomly (stuck).
 16824 | D:11     | 16824 ||| Stepping randomly (stuck).
 16825 | D:11     | 16825 ||| Stepping randomly (stuck).
 16826 | D:11     | 16826 ||| Stepping randomly (stuck).
 16827 | D:11     | 16827 ||| Stepping randomly (stuck).
 16828 | D:11     | 16828 ||| Stepping randomly (stuck).
 16829 | D:11     | 16829 ||| Stepping randomly (stuck).
 16830 | D:11     | 16830 ||| Stepping randomly (stuck).
 16831 | D:11     | 16831 ||| Stepping randomly (stuck).
 16832 | D:11     | 16832 ||| Stepping randomly (stuck).
 16833 | D:11     | 16833 ||| Stepping randomly (stuck).
 16834 | D:11     | 16834 ||| Stepping randomly (stuck).
 16835 | D:11     | 16835 ||| Stepping randomly (stuck).
 16836 | D:11     | 16836 ||| Stepping randomly (stuck).
 16837 | D:11     | 16837 ||| Stepping randomly (stuck).
 16838 | D:11     | 16838 ||| Stepping randomly (stuck).
 16839 | D:11     | 16839 ||| Stepping randomly (stuck).
 16840 | D:11     | 16840 ||| Stepping randomly (stuck).
 16841 | D:11     | 16841 ||| Stepping randomly (stuck).
 16842 | D:11     | 16842 ||| Stepping randomly (stuck).
 16843 | D:11     | 16843 ||| Stepping randomly (stuck).
 16844 | D:11     | 16844 ||| Stepping randomly (stuck).
 16845 | D:11     | 16845 ||| Stepping randomly (stuck).
 16846 | D:11     | 16846 ||| Stepping randomly (stuck).
 16847 | D:11     | 16847 ||| Stepping randomly (stuck).
 16848 | D:11     | 16848 ||| Stepping randomly (stuck).
 16849 | D:11     | 16849 ||| Stepping randomly (stuck).
 16850 | D:11     | 16850 ||| Stepping randomly (stuck).
 16851 | D:11     | 16851 ||| Stepping randomly (stuck).
 16852 | D:11     | 16852 ||| Stepping randomly (stuck).
 16853 | D:11     | 16853 ||| Stepping randomly (stuck).
 16854 | D:11     | 16854 ||| Stepping randomly (stuck).
 16855 | D:11     | 16855 ||| Stepping randomly (stuck).
 16856 | D:11     | 16856 ||| Stepping randomly (stuck).
 16857 | D:11     | 16857 ||| Stepping randomly (stuck).
 16858 | D:11     | 16858 ||| Stepping randomly (stuck).
 16859 | D:11     | 16859 ||| Stepping randomly (stuck).
 16860 | D:11     | 16860 ||| Stepping randomly (stuck).
 16861 | D:11     | 16861 ||| Stepping randomly (stuck).
 16862 | D:11     | 16862 ||| Stepping randomly (stuck).
 16863 | D:11     | 16863 ||| Stepping randomly (stuck).
 16864 | D:11     | 16864 ||| Stepping randomly (stuck).
 16865 | D:11     | 16865 ||| Stepping randomly (stuck).
 16866 | D:11     | 16866 ||| Stepping randomly (stuck).
 16868 | D:11     | 16868 ||| Stepping randomly (stuck).
 16870 | D:11     | 16870 ||| Stepping randomly (stuck).
 16872 | D:11     | 16872 ||| Stepping randomly (stuck).
 16874 | D:11     | 16874 ||| Stepping randomly (stuck).
 16875 | D:11     | 16875 ||| Stepping randomly (stuck).
 16876 | D:11     | 16876 ||| Stepping randomly (stuck).
 16877 | D:11     | 16877 ||| Stepping randomly (stuck).
 16878 | D:11     | 16878 ||| Stepping randomly (stuck).
 16880 | D:11     | 16880 ||| Stepping randomly (stuck).
 16882 | D:11     | 16882 ||| Stepping randomly (stuck).
 16883 | D:11     | 16883 ||| Stepping randomly (stuck).
 16884 | D:11     | 16884 ||| Stepping randomly (stuck).
 16885 | D:11     | 16885 ||| Stepping randomly (stuck).
 16887 | D:11     | 16887 ||| Stepping randomly (stuck).
 16889 | D:11     | 16889 ||| Stepping randomly (stuck).
 16891 | D:11     | 16891 ||| Stepping randomly (stuck).
 16892 | D:11     | 16892 ||| Stepping randomly (stuck).
 16893 | D:11     | 16893 ||| Stepping randomly (stuck).
 16894 | D:11     | 16894 ||| Stepping randomly (stuck).
 16895 | D:11     | 16895 ||| Stepping randomly (stuck).
 16896 | D:11     | 16896 ||| Stepping randomly (stuck).
 16897 | D:11     | 16897 ||| Stepping randomly (stuck).
 16898 | D:11     | 16898 ||| Stepping randomly (stuck).
 16899 | D:11     | 16899 ||| Stepping randomly (stuck).
 16900 | D:11     | 16900 ||| Stepping randomly (stuck).
 16901 | D:11     | 16901 ||| Stepping randomly (stuck).
 16902 | D:11     | 16902 ||| Stepping randomly (stuck).
 16903 | D:11     | 16903 ||| Stepping randomly (stuck).
 16904 | D:11     | 16904 ||| Stepping randomly (stuck).
 16905 | D:11     | 16905 ||| Stepping randomly (stuck).
 16906 | D:11     | 16906 ||| Stepping randomly (stuck).
 16907 | D:11     | 16907 ||| Stepping randomly (stuck).
 16908 | D:11     | 16908 ||| Stepping randomly (stuck).
 16909 | D:11     | Quit the game

Levels and vault maps discovered:
D:1:      dpeg_arrival_lava_temple_mockup, layout_basic, nrook_mini_backslash
D:2:      layout_loops_ring
D:3:      layout_basic, minmay_crystal_water
D:4:      layout_basic, mainiacjoe_overflow_catwalk, minmay_quadrilaterals,
          uniq_edmund
D:5:      kennysheep_spiral_hall, layout_loops_corners, kennysheep_slug_shrine,
          chequers_temple_overflow_statue_of_worship,
          mainiacjoe_overflow_catwalk_spiral, nicolae_shop_gadgets
D:6:      layout_rooms
D:7:      layout_basic, minmay_temple_entry_slanted
D:8:      layout_basic, erik_lair_dragon, serial_curves, eino_curves_03,
          eino_curves_04, eino_curves_03, eino_curves_04,
          ebering_dispersal_statue_hall
D:9:      layout_long_grid, special_room [special_room_bee]
D:10:     layout_gridville, grunt_dithmenos_smoke_and_mirrors,
          zombieorc2_lemuel, kennysheep_opposing_triangles, uniq_psyche,
          uniq_maurice
D:11:     kennysheep_windowed_halls, layout_long_grid
Temple:   nicolae_temple_superstar
Lair:1:   layout_misc_corridors, serial_bayou_crossing, uniq_urug
Lair:2:   layout_chaotic_city, swamp_mist, enter_volcano_3, tgw_fedhas,
          serial_bayou_shore_b
Lair:3:   layout_cellular_growth, dummy_snake_entry
Lair:4:   layout_misc_corridors, special_room [special_room_mythical_zoo],
          gauntlet_entry_generic, beast_lair_carwin_2
Lair:5:   minmay_lair_end_frog_pond, layout_regular_city, slime_entry_1,
          lemuel_fruit_fields

Skill      XL: |  1  2  3  4  5  6  7  8  9 10 11 12 13 |
---------------+----------------------------------------+-----
Unarmed Combat | 4 5 6 7 9 10 13 15 16 18 19 | 19.2
Throwing       | 1 4 5 |  5.9
Fighting       | 3 4 5 6 7 8 9 |  9.0
Dodging        | 2 |  2.0
Armour         | 2 3 4 |  4.0
Invocations    | 4 5 |  5.0
Spellcasting   | |  1.0
Fire Magic     | |  2.1

Action                   |  1- 3 |  4- 6 |  7- 9 | 10-12 | 13-15 || total
-------------------------+-------+-------+-------+-------+-------++-------
Melee: Unarmed           |    90 |    56 |   211 |   437 |   300 ||  1094
       Punch             |     1 |     3 |    13 |    39 |    26 ||    82
Throw: Javelin           |    15 |     6 |     5 |    58 |    32 ||   116
       Large rock        |       |       |       |       |     6 ||     6
Invok: Fiery Armour      |       |     2 |     4 |     7 |       ||    13
       Heroism           |       |       |       |    14 |    25 ||    39
  Use: Scroll            |    11 |     6 |     6 |     6 |     4 ||    33
       Potion            |     2 |     1 |     3 |     5 |       ||    11
Armor: Robe              |    28 |    17 |    86 |    22 |       ||   153
       Acid dragon scale |       |       |       |   185 |   153 ||   338
Dodge: Dodged            |    33 |    17 |    77 |   159 |   177 ||   463

Table legend:
 A = Non-vault XP
 B = Vault XP
 C = Vault XP percentage of total XP
 D = Non-vault monster count
 E = Vault monster count
 F = Vault count percentage of total count
                 A         B        C        D         E       F
            +---------+---------+-------+---------+---------+-------
      Total |   31031 |   27998 |  47.4 |     233 |     158 |  40.4
            +---------+---------+-------+---------+---------+-------
        D:1 |      25 |       0 |   0.0 |      15 |       0 |   0.0
        D:2 |      49 |       0 |   0.0 |      15 |       0 |   0.0
        D:3 |      14 |       0 |   0.0 |       6 |       0 |   0.0
        D:4 |     299 |     314 |  51.2 |      13 |       4 |  23.5
        D:5 |    1252 |     181 |  12.6 |      16 |       5 |  23.8
        D:6 |     636 |       0 |   0.0 |      23 |       0 |   0.0
        D:7 |    1426 |       0 |   0.0 |      20 |       0 |   0.0
        D:8 |    2268 |    1302 |  36.5 |      36 |       5 |  12.2
        D:9 |    1487 |    1772 |  54.4 |      15 |      25 |  62.5
       D:10 |    2099 |    2325 |  52.6 |       7 |      42 |  85.7
       D:11 |    3455 |    1420 |  29.1 |       9 |       4 |  30.8
     Lair:1 |    2913 |     810 |  21.8 |      15 |       1 |   6.2
     Lair:2 |    1802 |     296 |  14.1 |       4 |       2 |  33.3
     Lair:3 |    4312 |       0 |   0.0 |      17 |       0 |   0.0
     Lair:4 |    6166 |    7880 |  56.1 |      11 |      31 |  73.8
     Lair:5 |    2828 |   11698 |  80.5 |      11 |      39 |  78.0
            +---------+---------+-------+---------+---------+-------
